 Dungeon Crawl Stone Soup version 0.32-a0-630-g46d191b0ed (webtiles) character file.

Game seed: 459898921944660062

3324287 Implojin the Iron Golem (level 27, 224/224 HPs)
             Began as a Coglin Chaos Knight on Mar 5, 2024.
             Was a Favourite Plaything of Xom.
             Escaped with the Orb
             ... and 5 runes
             ... and 1 gem (intact) on Mar 6, 2024!
             The game lasted 03:38:19 (68469 turns).

Implojin the Iron Golem (Coglin Chaos Knight)      Turns: 68469, Time: 03:38:19

Health: 224/224    AC: 46    Str: 16 (20) XL:     27
Magic:  6/6        EV: 11    Int: 16      God:    Xom [.*....]
Gold:   5389       SH:  0    Dex: 15 (17) Spells: 26/26 levels left

rFire   + . .        e - +8 mithril axe "Arga" {speed, Will+}
rCold   + + +        R - +4 broad axe (antimagic) {Fritz}
rNeg    . . .        g - +12 crystal plate armour "Osupeekk" {rPois rCorr Int-3 Slay+5}
rPois   +            M - +1 hat of Time Monsters {rPois}
rElec   +            z - scarf {rC+ rF+}
rCorr   +            c - +0 pair of gloves of the Modern Villages {rElec Str+2 Dex+2 Stlth+}
SInv    +            H - +2 pair of boots {rampage}
Will    +++++        (amulet unavailable) Stlth
                     (ring unavailable)
HPRegen 1.37/turn    (ring unavailable)
MPRegen 0.50/turn    x - emergency geobooster {rC+ Will+ Regen+ RegenMP+}

%: rampage
@: studying 2 skills
A: off-hand wielding, slow wielding, warmup strikes, no jewellery, antennae 1,
iridescent scales 1, see invisible, clever 1, clumsy 1, cold resistance 2,
deformed body, low MP 1, strong-willed 1, poison resistance, screaming 1, shaggy
fur 1, wild magic 2, MP-powered wands
0: Orb of Zot
}: 5/15 runes: barnacled, slimy, silver, abyssal, gossamer
a: Renounce Religion


You escaped.
You worshipped Xom.
You were a plaything of Xom.
You visited 11 branches of the dungeon, and saw 55 of its levels.
You visited the Abyss 2 times.
You visited 1 bazaar.
You also visited: Trove, Ice Cave and Volcano.

You collected 12339 gold pieces.
You spent 6950 gold pieces at shops.

Inventory:

Hand Weapons
 e - the +8 mithril axe "Arga" (weapon) {speed, Will+}
   (You bought it in a shop in a bazaar)

   Will+:     It increases your willpower.
 R - a +4 antimagic broad axe (offhand) {Fritz}
Missiles
 d - 12 silver javelins
 m - 49 boomerangs (quivered)
 n - 5 atropa-tipped darts
 q - 3 darts of dispersal
 y - 3 datura-tipped darts
 I - 3 throwing nets
 U - 25 javelins
Armour
 c - the +0 pair of gloves of the Modern Villages (worn) {rElec Str+2 Dex+2 Stlth+}
   (You found it on level 1 of the Vaults)

   Str+2:     It affects your strength (+2).
   Dex+2:     It affects your dexterity (+2).
   rElec:     It insulates you from electricity.
   Stlth+:    It makes you more stealthy.
 g - the +12 crystal plate armour "Osupeekk" (worn) {rPois rCorr Int-3 Slay+5}
   (You acquired it on level 3 of the Lair of Beasts)

   Int-3:     It affects your intelligence (-3).
   Slay+5:    It affects your accuracy & damage with ranged weapons and melee
   (+5).
   rPois:     It protects you from poison.
   rCorr:     It protects you from acid and corrosion.
 k - the +0 leather armour "Kacs" {Harm MP+9 Dex-5 SInv}
   (You bought it in a shop on level 2 of the Orcish Mines)

   Dex-5:     It affects your dexterity (-5).
   MP+9:      It affects your magic capacity (+9).
   SInv:      It lets you see invisible.
   Harm:      It increases damage dealt and taken.
 z - a scarf of resistance (worn)
 H - a +2 pair of boots of rampaging (worn)
 M - the +1 hat of Time Monsters (worn) {rPois}
   (You found it on level 2 of the Lair of Beasts)

   rPois:     It protects you from poison.
Gizmo
 x - an emergency geobooster (installed) {rC+ Will+ Regen+ RegenMP+}
   (You invented it yourself on level 4 of the Lair of Beasts)

   [emergency geobooster]

   rC+:       It protects you from cold.
   Will+:     It increases your willpower.
   Regen+:    It increases your rate of health regeneration.
   RegenMP+:  It increases your rate of magic regeneration.
Wands
 p - a wand of digging (23)
 V - a wand of acid (45)
Scrolls
 a - 3 scrolls of enchant armour
 f - 17 scrolls of teleportation
 h - 5 scrolls of blinking
 j - 9 scrolls of immolation
 l - 14 scrolls of fog
 o - 5 scrolls of revelation
 u - 8 scrolls of vulnerability
 A - a scroll of enchant weapon
 B - 3 scrolls of brand weapon
 E - 5 scrolls of summoning
 J - 3 scrolls of silence
 P - 8 scrolls of fear
Potions
 i - 2 potions of haste
 r - 4 potions of curing
 s - 7 potions of magic
 t - 4 potions of invisibility
 v - 5 potions of heal wounds
 w - 6 potions of mutation
 C - 8 potions of might
 D - a potion of enlightenment
 G - 4 potions of berserk rage
 K - 2 potions of resistance
 L - 2 potions of ambrosia
 T - 3 potions of attraction
Miscellaneous
 b - a lightning rod (4/4)
 Q - a condenser vane
 X - a phial of floods
 Y - a box of beasts


   Skills:
 - Level 20.0 Fighting
 - Level 14.0(15.7) Short Blades
 - Level 13.0(16.0) Long Blades
 - Level 22.0 Axes
 - Level 5.0 Throwing
 O Level 27 Armour
 * Level 21.6 Dodging
 - Level 12.3 Stealth
 - Level 8.0 Evocations


You had 26 spell levels left.
You didn't know any spells.
Your spell library contained the following spells:

 Spells                   Type           Power      Damage    Failure   Level
 Apportation              Tloc           0%         N/A       99%         1
 Foxfire                  Conj/Fire      0%         2x1d4     99%         1
 Kiss of Death            Conj/Necr      0%         2d5       99%         1
 Magic Dart               Conj           0%         1d3       99%         1
 Necrotise                Necr           0%         1d4       99%         1
 Slow                     Hex            0%         N/A       99%         1
 Sting                    Conj/Alch      0%         1d3       99%         1
 Summon Small Mammal      Summ           0%         N/A       99%         1
 Blink                    Tloc           0%         N/A       100%        2
 Call Imp                 Summ           0%         N/A       100%        2
 Cigotuvi's Dreadful Rot  Necr/Alch/Air  0%         N/A       100%        2
 Ensorcelled Hibernation  Hex/Ice        0%         N/A       100%        2
 Jinxbite                 Hex            0%         N/A       100%        2
 Lesser Beckoning         Tloc           0%         N/A       100%        2
 Mercury Vapours          Alch/Air       0%         N/A       100%        2
 Momentum Strike          Conj/Tloc      0%         3d8       100%        2
 Scorch                   Fire           0%         2d5       100%        2
 Searing Ray              Conj           0%         2d4       100%        2
 Static Discharge         Conj/Air       0%         3-3/arc   100%        2
 Sublimation of Blood     Necr           0%         N/A       100%        2
 Call Canine Familiar     Summ           0%         N/A       100%        3
 Confusing Touch          Hex            0%         N/A       100%        3
 Dazzling Flash           Conj/Hex       0%         N/A       100%        3
 Fugue of the Fallen      Necr           0%         N/A       100%        3
 Gell's Gravitas          Tloc           0%         N/A       100%        3
 Inner Flame              Hex/Fire       0%         N/A       100%        3
 Mephitic Cloud           Conj/Alch/Air  0%         N/A       100%        3
 Ozocubu's Armour         Ice            0%         N/A       100%        3
 Sigil of Binding         Hex            0%         N/A       100%        3
 Stone Arrow              Conj/Erth      0%         3d7       100%        3
 Summon Ice Beast         Ice/Summ       0%         N/A       100%        3
 Teleport Other           Tloc           0%         N/A       100%        3
 Tukima's Dance           Hex            0%         N/A       100%        3
 Vampiric Draining        Necr           0%         2d6       100%        3
 Volatile Blastmotes      Fire/Tloc      0%         2d10      100%        3
 Anguish                  Hex/Necr       0%         N/A       100%        4
 Animate Armour           Summ/Erth      0%         N/A       100%        4
 Animate Dead             Necr           0%         N/A       100%        4
 Cause Fear               Hex            0%         N/A       100%        4
 Dimensional Bullseye     Hex/Tloc       0%         N/A       100%        4
 Dispel Undead            Necr           0%         3d6       100%        4
 Flame Wave               Conj/Fire      0%         2d4       100%        4
 Fulminant Prism          Conj/Alch      0%         3d5       100%        4
 Ignite Poison            Fire/Alch      0%         N/A       100%        4
 Iskenderun's Mystic Bla  Conj/Tloc      0%         2d3       100%        4
 Leda's Liquefaction      Alch/Erth      0%         N/A       100%        4
 Manifold Assault         Tloc           0%         N/A       100%        4
 Olgreb's Toxic Radiance  Alch           0%         N/A       100%        4
 Passage of Golubria      Tloc           0%         N/A       100%        4
 Petrify                  Alch/Erth      0%         N/A       100%        4
 Sticky Flame             Fire/Alch      0%         2d4       100%        4
 Summon Lightning Spire   Summ/Air       0%         N/A       100%        4
 Vhi's Electric Charge    Tloc/Air       0%         N/A       100%        4
 Alistair's Intoxication  Alch           0%         N/A       100%        5
 Arcjolt                  Conj/Air       0%         1d10      100%        5
 Borgnjor's Vile Clutch   Necr/Erth      0%         N/A       100%        5
 Curse of Agony           Necr           0%         N/A       100%        5
 Freezing Cloud           Conj/Ice/Air   0%         6-21      100%        5
 Irradiate                Conj/Alch      0%         3d11      100%        5
 Iskenderun's Battlesphe  Conj           0%         2d6       100%        5
 Lee's Rapid Deconstruct  Erth           0%         3d4*      100%        5
 Metabolic Englaciation   Hex/Ice        0%         N/A       100%        5
 Silence                  Hex/Air        0%         N/A       100%        5
 Summon Forest            Summ/Tloc      0%         N/A       100%        5
 Summon Mana Viper        Hex/Summ       0%         N/A       100%        5
 Yara's Violent Unravell  Hex/Alch       0%         3d3       100%        5
 Bombard                  Conj/Erth      0%         9d1       100%        6
 Conjure Ball Lightning   Conj/Air       0%         3x3d6     100%        6
 Death Channel            Necr           0%         N/A       100%        6
 Dispersal                Tloc           0%         N/A       100%        6
 Eringya's Noxious Bog    Alch           0%         4d6       100%        6
 Plasma Beam              Fire/Air       0%         2x1d10    100%        6
 Sculpt Simulacrum        Ice/Alch       0%         N/A       100%        6
 Starburst                Conj/Fire      0%         6d3       100%        6
 Summon Cactus Giant      Summ           0%         N/A       100%        6
 Enfeeble                 Hex            0%         N/A       100%        7
 Haunt                    Necr/Summ      0%         N/A       100%        7
 Malign Gateway           Summ/Tloc      0%         N/A       100%        7
 Monstrous Menagerie      Summ           0%         N/A       100%        7
 Ozocubu's Refrigeration  Ice            0%         4d7       100%        7
 Spellforged Servitor     Conj/Summ      0%         N/A       100%        7
 Summon Hydra             Summ           0%         N/A       100%        7
 Discord                  Hex            0%         N/A       100%        8
 Disjunction              Tloc           0%         N/A       100%        8
 Ignition                 Fire           0%         3d3       100%        8
 Infestation              Necr           0%         N/A       100%        8
 Lehudib's Crystal Spear  Conj/Erth      0%         10d2      100%        8
 Maxwell's Capacitive Co  Air            0%         ∞         100%        8
 Summon Horrible Things   Summ           0%         N/A       100%        8
 Chain Lightning          Conj/Air       0%         N/A       100%        9
 Death's Door             Necr           0%         N/A       100%        9
 Fire Storm               Conj/Fire      0%         5d1       100%        9
 Polar Vortex             Ice            0%         N/A       100%        9
 Shatter                  Erth           0%         3d5*      100%        9


Dungeon Overview and Level Annotations

Branches:
Dungeon (15/15)            Temple (0/1) D:6            Lair (5/5) D:9
 Shoals (4/4) Lair:3       Spider (4/4) Lair:3        Slime (5/5) Lair:4
    Orc (2/2) D:10            Elf (3/3) Orc:2        Vaults (5/5) D:14
  Crypt (3/3) Vaults:2       Tomb (0/3) Crypt:3      Depths (4/4) D:15
    Zot (5/5) Depths:4      IceCv (visited)         Volcano (visited)

Altars:
Ashenzari
Cheibriados
Dithmenos
Fedhas
Hepliaklqana
Kikubaaqudgha
Makhleb
Okawaru
Ru
Trog
Uskayaw
Vehumet
Xom
Yredelemnul
Zin
Beogh
Jiyva
Lugonu

Shops:
D:1 :?   D:12 [   D:14 [   Orc:2 *=([   Vaults:3 [   Zot:3 *   Depths:4 ?[(=

Portals:
Hell: Depths:1 Depths:2 Depths:3 Depths:4
Abyss: Lair:5 Depths:3
Pandemonium: Depths:1 Depths:2
Ziggurat: Depths:2


Innate Abilities, Weirdness & Mutations

You can wield a second weapon in your off-hand.
It takes a long time for you to wield or remove held weapons.
Your first few attacks do less damage.
You cannot equip rings or amulets.
You have a pair of small antennae on your head.
You are partially covered in iridescent scales. (AC +2)
You have supernaturally acute eyesight. (SInv)
Your mind is acute. (Int +4, Str/Dex -1)
You are clumsy. (Dex -2)
Your flesh is very cold resistant. (rC++)
Armour fits poorly on your strangely shaped body.
Your magical capacity is low. (-10% MP)
You are strong-willed. (Will+)
Your system is resistant to poisons. (rPois)
You occasionally shout uncontrollably at your foes.
You are covered in fur. (AC +1)
Your spells are harder to cast, but more powerful.
You expend magic power (3 MP) to strengthen your wands.


Message History

A hellion comes into view.
You slash the hellion with your +4 antimagic broad axe!
The hellion's magic leaks into the air.
The hellion is moderately wounded.
You slash the hellion with the +8 mithril axe "Arga"!
You barely miss the hellion with your +4 antimagic broad axe.
The hellion is severely wounded.
You slice the hellion with the +8 mithril axe "Arga"!!
You kill the hellion!
(D) Dungeon (T) Temple (L) Lair (A) Shoals (N) Spider Nest (M) Slime Pits (O) Orcish Mines (E) Elven Halls (V) Vaults (C) Crypt (W) Tomb (U) Depths (H) Hell (Z) Zot
Where to? (Tab/Enter - D:1 @ (x,y), ? - help)
Things that are here:
a +0 leather armour; a +0 club; the goblin skeleton of Ijyb You sense a monster nearby.
There is a stone staircase leading up here.
You climb upwards.
There is a stone staircase leading down here.
Unknown command.
(D) Dungeon (T) Temple (L) Lair (A) Shoals (N) Spider Nest (M) Slime Pits (O) Orcish Mines (E) Elven Halls (V) Vaults (C) Crypt (W) Tomb (U) Depths (H) Hell (Z) Zot
Where to? (Tab/Enter - D:1 @ (x,y), ? - help)
There is a stone staircase leading up here.
You climb upwards.
There is a stone staircase leading down here.
You see here a +0 leather armour.
Items here: ) ÷÷÷.
You see here a +0 dagger.
There is a staircase leading out of the dungeon here.
Unknown command.
Unknown command.
Unknown command.
Press: ? - help, v - describe, . - travel A staircase leading out of the dungeon.
This square is covered in magical glow.
You have escaped!

### ##@##
###...#
##.....#
###.....##
##.......##
###.........##
##......ß.....#
#.......##...##
##.#.....##...#


There were no monsters in sight!

Vanquished Creatures
  the Royal Jelly (Slime:5)
  3 ancient liches
  7 orbs of fire
  2 dread liches
  The ghost of Ygyeth Femmu the Hoplite, a veteran MiBe of Trog (Zot:3)
  Xtahua (Vaults:3)
  Boris (twice) (Crypt:1 Crypt:2)
  7 Killer Klowns
  Bai Suzhen (Shoals:4)
  A curse toe (Zot:1)
  The ghost of Isotadock the Victor of a Thousand Battles, a veteran GnWn of Okawaru (Depths:2)
  The ghost of Nenuxulire the Victor of a Thousand Battles, a veteran GnWn of Okawaru (Depths:2)
  The ghost of Kobesyp the Devastator, a veteran DsAl of Vehumet (Depths:2)
  10 golden dragons
  2 caustic shrikes
  Jory (Vaults:4)
  3 electric golems
  The ghost of olmar the Executioner, an adept CoAr of Gozag (Vaults:3)
  A Brimstone Fiend (Zot:5)
  An iron giant (Depths:2)
  An Ice Fiend (Depths:2)
  A hellephant (Vaults:5)
  26 tentacled monstrosities
  2 doom hounds (Crypt:2)
  8 titans
  5 liches
  2 deep elf blademasters
  Grunn (Crypt:2)
  A searing wretch (Vaults:4)
  7 sphinxes
  27 Orb Guardians
  11 acid blobs
  3 deep elf master archers
  3 quicksilver dragons
  Polyphemus (Shoals:2)
  2 ancient champions
  3 tentacled starspawn (Abyss:2)
  The ghost of zenocrate the Gelid, an adept FeEE of Jiyva (Elf:2)
  12 shadow dragons
  4 death cobs
  4 tengu reavers
  21 storm dragons
  Aizul (Vaults:2)
  8 rockslimes
  3 protean progenitors
  2 revenants (Crypt:3)
  4 draconian knights
  Ilsuiw (Shoals:2)
  8 azure jellies (Slime:5)
  12 fire giants
  7 draconian monks
  Donald (Shoals:1)
  9 deep elf sorcerers
  4 ghost moths
  A balrug (Depths:3)
  22 vault wardens
  6 draconian shifters
  14 frost giants
  Louise (Spider:4)
  4 emperor scorpions (Spider:4)
  4 draconian scorchers
  3 iron dragons
  6 deep elf elementalists
  23 ironbound preservers
  2 curse skulls
  3 draconian annihilators
  14 quicksilver oozes
  A draconian stormcaller (Zot:2)
  4 spriggan defenders
  14 very ugly things
  17 stone giants
  4 broodmothers
  5 ironbound thunderhulks
  24 vampire knights
  10 deep elf demonologists (Elf:3)
  16 green draconians
  13 black draconians
  A lorocyproca (Zot:5)
  7 deep elf death magi
  2 war gargoyles (Vaults:5)
  13 purple draconians
  3 minotaurs
  A spark wasp (Depths:3)
  10 deep elf annihilators
  9 red draconians
  14 white draconians
  7 yellow draconians
  4 dire elephants
  A blizzard demon (D:4)
  8 fire dragons
  22 ettins
  7 merfolk impalers
  2 crystal guardians (Zot:2)
  3 eidola (Crypt:2)
  2 green deaths
  6 entropy weavers
  An ettin (shapeshifter) (Vaults:5)
  A quicksilver dragon zombie (Crypt:3)
  7 deep elf high priests
  13 jiangshi
  5 merfolk javelineers
  13 yaktaur captains
  6 spriggan zombies
  5 great orbs of eyes
  34 vault guards
  3 rakshasas (Depths:1)
  The ghost of jlumianski the Cleaver, a journeyman CoGl of Wu Jian (D:9)
  8 ice dragons
  2 alligator snapping turtles
  4 spriggan air magi
  3 hydras
  A fenstrider witch zombie (Crypt:2)
  An ogre mage (Vaults:5)
  14 boulder beetles
  3 merfolk avatars
  18 two-headed ogres
  2 jorogumos
  3 ghost crabs
  Erica (D:9)
  27 centaur warriors
  5 ironbound frosthearts
  A fenstrider witch skeleton (Crypt:2)
  5 merfolk aquamancers
  A catoblepas (Shoals:2)
  2 death knights
  27 dancing weapons
  5 radroaches
  3 death yaks
  A satyr (Shoals:3)
  6 deep troll shamans
  6 tengu warriors
  8 demonic crawlers
  A death yak (shapeshifter) (Zot:3)
  5 deep troll earth magi
  A quicksilver ooze zombie (Crypt:3)
  6 thrashing horrors
  Urug (D:10)
  A bennu skeleton (Crypt:1)
  2 orc high priests
  7 spriggan berserkers
  10 vampire magi
  12 hell knights
  15 deep elf knights
  A sun demon (Depths:3)
  Nergalle (D:11)
  A wretched star (Abyss:4)
  35 skeletal warriors
  11 iron trolls
  4 pharaoh ants
  4 skysharks (Shoals:1)
  2 shadow wraiths
  A goliath frog (Depths:4)
  2 sea snakes (shapeshifter) (Vaults:5)
  4 glowing orange brains
  A shadow demon (Depths:4)
  A cherub (D:7)
  Lodul (D:10)
  3 flayed ghosts
  A shadow dragon zombie (Crypt:3)
  11 orb spiders
  7 sea snakes
  63 deep trolls
  10 arcanists
  8 lindwurms
  14 orc knights
  10 deep elf archers
  A lindwurm (shapeshifter) (Lair:5)
  21 harpies
  13 steelbarb worms
  26 deep elf pyromancers
  18 deep elf zephyrmancers
  2 sun moths (Spider:2)
  28 phantasmal warriors
  20 ironbound convokers
  6 necromancers
  18 wolf spiders
  4 thermic dynamos
  A broodmother zombie (Crypt:3)
  7 shining eyes
  16 manticores
  5 orc sorcerers
  A stone giant zombie (Crypt:2)
  34 ugly things
  An oklob plant (Lair:4)
  11 fauns
  A kobold blastminer (Orc:2)
  8 cyclopes
  9 meliai
  6 large abominations
  48 moths of wrath
  2 apocalypse crabs
  9 elephants
  13 cane toads
  8 water nymphs
  7 black mambas
  A black mamba (shapeshifter) (D:15)
  3 ice statues
  An orange demon (Orc:2)
  A water nymph (shapeshifter) (Elf:2)
  7 merfolk sirens
  28 vault sentinels
  4 molten gargoyles (Volcano)
  4 smoke demons
  3 torpor snails
  4 eyes of devastation
  2 dire elephant skeletons
  3 hellions
  2 unseen horrors
  An alligator snapping turtle skeleton (Crypt:2)
  A pale draconian zombie (Crypt:1)
  An ice devil (D:15)
  7 efreet
  4 freezing wraiths
  49 yaktaurs
  A sea snake zombie (Crypt:1)
  8 rime drakes
  2 tengu conjurers
  11 komodo dragons
  3 tormentors
  9 trolls
  2 ancient zymes (Abyss:4)
  A death drake zombie (Crypt:1)
  2 harpy zombies (Crypt:3)
  A queen bee (shapeshifter) (D:15)
  5 tyrant leeches (Spider:4)
  3 hellwings
  A silent spectre (Orc:1)
  21 tarantellas
  7 hornets
  9 wind drakes
  7 raiju
  Prince Ribbit (D:6)
  A raiju (shapeshifter) (Lair:5)
  25 blink frogs
  33 merfolk
  3 dream sheep (Shoals:4)
  3 glass eyes (Depths:3)
  4 snapping turtles
  An ettin zombie (Crypt:3)
  An air elemental (Elf:1)
  An ice dragon zombie (Crypt:2)
  57 slime creatures
  A shadow (D:11)
  21 jumping spiders
  Sigmund (D:6)
  20 culicivoras
  7 wyverns
  14 water elementals
  A black mamba zombie (Crypt:1)
  2 fire bats
  14 small abominations
  8 spriggans
  16 humans (D:14)
  15 wraiths
  2 ynoxinuls (Lair:5)
  10 fire elementals
  29 yaks
  2 wargs (Orc:1)
  The ghost of Rulersjester the Chopper, an amateur CoBe of Trog (D:4)
  5 basilisks (Lair:5)
  A neqoxec (Abyss:4)
  A steam dragon (Lair:1)
  14 vampire mosquitoes
  A wind drake skeleton (Crypt:2)
  77 redbacks
  A swamp worm (shapeshifter) (Depths:3)
  2 chaos spawn
  3 acid dragons
  A hell hound (Orc:2)
  20 water moccasins
  A cane toad zombie (Crypt:2)
  A demonspawn skeleton (Crypt:3)
  Pargi (D:4)
  20 orc warriors
  3 black bears
  A sky beast (Spider:4)
  15 ogres
  A hog zombie (Crypt:3)
  17 laughing skulls
  A snapping turtle skeleton (Crypt:2)
  5 boggarts (Vaults:1)
  20 wolves
  14 centaurs
  A lindwurm skeleton (Crypt:2)
  Blork the orc (D:6)
  3 kobold brigands
  12 bullfrogs
  A gnoll sergeant (D:9)
  6 earth elementals
  5 scorpions
  A wyvern zombie (Crypt:3)
  6 wights (D:6)
  A polar bear zombie (Crypt:2)
  A queen bee zombie (Crypt:3)
  2 lindwurm simulacra (IceCv)
  12 killer bees
  A vampire bat (D:10)
  2 electric eels
  5 howler monkeys
  2 spriggan skeletons (Crypt:1)
  3 bombardier beetles
  4 lava snakes (Lair:2)
  5 komodo dragon simulacra (IceCv)
  A jelly (D:7)
  9 orc priests
  2 gnoll boudas
  11 hounds
  11 starcursed masses
  An iron imp (Orc:1)
  A black bear skeleton (Crypt:2)
  7 iguanas
  22 orc wizards
  A boggart skeleton (Crypt:3)
  2 naga zombies
  A deep dwarf skeleton (Crypt:1)
  13 gnolls
  A steam dragon zombie (Crypt:1)
  8 acid dragon simulacra (IceCv)
  8 adders
  2 shadow imps (D:5)
  4 white imps
  4 ufetubi
  6 steam dragon simulacra (IceCv)
  An adder zombie (Crypt:1)
  2 dart slugs (D:1)
  3 ribbon worms
  58 orcs
  9 ball pythons
  A bat skeleton (D:10)
  5 bat zombies (D:10)
  8 endoplasms
  3 giant cockroaches
  11 hobgoblins
  4 jackals
  4 quokkas
  7 bats
  4 frilled lizards
  6 goblins
  A jackal skeleton (Crypt:1)
  21 kobolds
  6 rats
  A rat zombie (Crypt:3)
  An aspiring flesh (Zot:2)
  A tentacle (Abyss:4)
2519 creatures vanquished.

Vanquished Creatures (collateral kills)
  2 ironbound preservers (Vaults:3)
  2 merfolk javelineers (Shoals:2)
  A vault guard (Vaults:3)
  A hydra (D:13)
  3 deep trolls
  A deep troll (shapeshifter) (Zot:2)
  2 harpies (Shoals:2)
  A deep elf zephyrmancer (Elf:2)
  A manticore (Shoals:2)
  2 fauns (Shoals:2)
  A merfolk siren (Shoals:2)
  A kobold blastminer (Orc:1)
  A merfolk (Shoals:2)
  2 blink frogs (Lair:1)
  A slime creature (Vaults:1)
  A culicivora (Spider:2)
  A yak (Lair:5)
  A warg (Orc:1)
  A redback (Spider:2)
  An orc warrior (Orc:1)
  2 wolves (Lair:1)
  A centaur (D:13)
  2 bullfrogs
  2 electric eels (D:9)
  2 hounds (D:9)
  A jelly (D:4)
  Ijyb (D:3)
  An adder (D:9)
  5 orcs
  A hobgoblin (D:4)
45 creatures vanquished.

Vanquished Creatures (others)
  Margery (Vaults:4)
  A kraken (Abyss:4)
  An emperor scorpion (Spider:4)
  A ghost moth (Spider:4)
  A spriggan defender (Depths:3)
  A merfolk impaler (Vaults:3)
  2 dancing weapons
  A deep elf knight (Elf:2)
  A skeletal warrior (Crypt:3)
  Pikel (D:5)
  A necromancer (Vaults:4)
  An orc knight (Elf:1)
  A faun (Shoals:2)
  An oklob plant (Lair:1)
  A moth of wrath (Zot:1)
  A torpor snail (Spider:3)
  A redback zombie (Vaults:5)
  A yaktaur (Vaults:1)
  A tarantella (Spider:4)
  3 redbacks
  A water moccasin (Lair:2)
  3 lemures (D:5)
  An orc priest (Orc:2)
  An orc wizard (Orc:2)
  8 starspawn tentacles (Abyss:2)
  10 tentacles (Abyss:4)
47 creatures vanquished.

Grand Total: 2611 creatures vanquished

Notes
Turn   | Place    | Note
-------+----------+-------------------------------------------
     0 | D:1      | Implojin the Coglin Chaos Knight began the quest for the
                  | Orb.
     0 | D:1      | Reached XP level 1. HP: 18/18 MP: 1/1
    58 | D:1      | XOM: potion effect (curing)
    74 | D:1      | Reached XP level 2. HP: 24/24 MP: 2/2
   130 | D:1      | Found Ymeizaol's Magic Scroll Boutique.
   169 | D:1      | Bought a scroll of identify for 22 gold pieces
   230 | D:1      | Reached XP level 3. HP: 29/29 MP: 3/3
   464 | D:1      | Found Cuunier's Vocational Training.
   660 | D:2      | Found a shimmering altar of Xom.
   766 | D:2      | XOM: cloud trail
   864 | D:2      | XOM: silly message
   895 | D:2      | XOM: give mutation
   895 | D:2      | Gained mutation: You have a somewhat thin skeletal
                  | structure. (Dex +2, Stealth+) [Xom's grace]
  1010 | D:3      | Reached XP level 4. HP: 35/35 MP: 4/4
  1087 | D:3      | Found a faded altar of an unknown god.
  1128 | D:3      | XOM: god gift: robe {god gift}
  1162 | D:3      | Found a hide-covered altar of Uskayaw.
  1356 | D:3      | Noticed Ijyb
  1365 | D:3      | XOM: summons 2 friendly demons
  1372 | D:3      | Killed Ijyb
  1440 | D:3      | XOM: god gift: mace {god gift}
  1628 | D:4      | XOM: stealth player
  1661 | D:4      | Reached skill level 5 in Short Blades
  1661 | D:4      | Reached XP level 5. HP: 41/41 MP: 5/5
  1673 | D:4      | XOM: stat loss: -1 Str (11/12)
  1802 | D:4      | Found a runed translucent gate.
  1803 | D:4      | Found a runed translucent gate.
  1803 | D:4      | Noticed Rulersjester's ghost (amateur CoBe)
  1804 | D:4      | Found a runed translucent gate.
  1954 | D:4      | XOM: give mutations
  1954 | D:4      | Gained mutation: You occasionally lose the ability to read
                  | scrolls when taking damage. [Xom's mischief]
  1954 | D:4      | Gained mutation: Your muscles are strong. (Str +4, Int/Dex
                  | -1) [Xom's mischief]
  1954 | D:4      | Lost mutation: Your muscles are strong. (Str +4, Int/Dex
                  | -1) [Xom's mischief]
  1954 | D:4      | Gained mutation: You are vulnerable to heat. (rF-) [Xom's
                  | mischief]
  2018 | D:4      | Reached XP level 6. HP: 29/47 MP: 6/6
  2179 | D:4      | Reached skill level 1 in Stealth
  2395 | D:4      | XOM: cast spell 'Animate Armour'
  2404 | D:4      | Reached XP level 7. HP: 51/52 MP: 7/7
  2416 | D:4      | XOM: confuse monster(s)
  2559 | D:4      | Found a shadowy altar of Dithmenos.
  2671 | D:4      | Noticed Pargi
  2672 | D:4      | Found a glowing silver altar of Zin.
  2678 | D:4      | Killed Pargi
  2720 | D:4      | XOM: give mutations
  2720 | D:4      | Gained mutation: You occasionally lose the ability to drink
                  | potions when taking damage. [Xom's mischief]
  2720 | D:4      | Gained mutation: You expend magic power (3 MP) to
                  | strengthen your wands. [Xom's mischief]
  2720 | D:4      | Gained mutation: You are occasionally teleported next to
                  | monsters. [Xom's mischief]
  2720 | D:4      | Lost mutation: You occasionally lose the ability to drink
                  | potions when taking damage. [Xom's mischief]
  2741 | D:5      | Entered Level 5 of the Dungeon
  3062 | D:5      | Reached XP level 8. HP: 40/60 MP: 8/8
  3655 | D:5      | Noticed Pikel
  3668 | D:5      | Killed Pikel
  3668 | D:5      | XOM: divine lightning
  3816 | D:6      | Noticed Prince Ribbit
  3839 | D:6      | Noticed Blork the orc
  3839 | D:6      | XOM: 1-stop teleportation journey
  3842 | D:6      | Killed Blork the orc
  3843 | D:6      | Reached skill level 10 in Short Blades
  3910 | D:6      | XOM: swap monsters
  3915 | D:6      | Killed Prince Ribbit
  3916 | D:6      | Reached skill level 5 in Stealth
  4027 | D:6      | XOM: chaos upgrade
  4028 | D:6      | XOM: confuse monster(s)
  4056 | D:6      | Reached XP level 9. HP: 38/59 MP: 3/9
  4140 | D:6      | Found a staircase to the Ecumenical Temple.
  4164 | D:6      | XOM: summons friendly crimson imp
  4196 | D:6      | XOM: god gift: atropa-tipped dart
  4427 | D:6      | Noticed Sigmund
  4434 | D:6      | Killed Sigmund
  4435 | D:6      | Reached skill level 5 in Evocations
  4436 | D:6      | XOM: confuse monster(s)
  4812 | D:1      | Bought a scroll of brand weapon for 104 gold pieces
  4812 | D:1      | Bought a scroll of immolation for 44 gold pieces
  4812 | D:1      | Bought a scroll of noise for 11 gold pieces
  4812 | D:1      | Bought a scroll of vulnerability for 44 gold pieces
  4812 | D:1      | Bought a scroll of revelation for 82 gold pieces
  5021 | D:7      | XOM: summons friendly shadow imp
  5152 | D:7      | Reached skill level 5 in Fighting
  5604 | D:7      | XOM: divination: detect items
  5662 | D:7      | XOM: give mutations
  5662 | D:7      | Gained mutation: You have very sharp teeth. [Xom's grace]
  5662 | D:7      | Gained mutation: You are covered in fur. (AC +1) [Xom's
                  | grace]
  5723 | D:7      | XOM: give mutations
  5723 | D:7      | Lost mutation: You are occasionally teleported next to
                  | monsters. [Xom's mischief]
  5723 | D:7      | Gained mutation: Your magical capacity is low. (-10% MP)
                  | [Xom's mischief]
  5723 | D:7      | Lost mutation: You have a somewhat thin skeletal structure.
                  | (Dex +2, Stealth+) [Xom's mischief]
  5761 | D:7      | XOM: divination: detect creatures
  5983 | D:8      | XOM: enchant monster (bad)
  5984 | D:8      | XOM: enchant monster (bad)
  6019 | D:8      | Found a radiant altar of Vehumet.
  6058 | D:8      | XOM: noise
  6060 | D:8      | Reached XP level 10. HP: 39/79 MP: 9/9
  6069 | D:8      | XOM: 2-stop teleportation journey
  6154 | D:8      | XOM: silly message
  6237 | D:8      | Found a sacrificial altar of Ru.
  6396 | D:8      | XOM: potion effect (curing)
  6401 | D:8      | Noticed an ice statue
  6430 | D:8      | XOM: cloud trail
  6600 | D:9      | XOM: divination: detect items
  6726 | D:9      | XOM: divination: detect creatures
  6735 | D:9      | XOM: 2-stop teleportation journey
  6742 | D:9      | XOM: confusion (+ monsters)
  6746 | D:9      | XOM: summons 7 friendly demons
  6757 | D:9      | XOM: summons 6 friendly demons
  6828 | D:9      | XOM: noise
  6834 | D:9      | Found a staircase to the Lair.
  6990 | D:9      | Found a runed translucent door.
  6991 | D:9      | Found a shimmering altar of Xom.
  6991 | D:9      | Noticed a +2 mace of chaos
  6991 | D:9      | Noticed jlumianski's ghost (journeyman CoGl)
  7000 | D:9      | Noticed Erica
  7002 | D:9      | Killed Erica
  7210 | D:9      | XOM: 10-stop teleportation journey
  7848 | D:10     | Entered Level 10 of the Dungeon
  7852 | D:10     | Noticed Urug
  7852 | D:10     | XOM: 3-stop teleportation journey
  7862 | D:10     | Killed Urug
  7862 | D:10     | XOM: polymorph ogre -> wolf
  7863 | D:10     | Reached XP level 11. HP: 61/87 MP: 3/9
  7863 | D:10     | Noticed Lodul
  7873 | D:10     | XOM: summons friendly quasit
  7920 | D:10     | XOM: confusion
  8206 | D:10     | XOM: cleaving
  8214 | D:10     | Killed Lodul
  8561 | D:10     | Reached skill level 10 in Fighting
  8561 | D:10     | Reached skill level 1 in Dodging
  8666 | D:10     | Found a blossoming altar of Fedhas.
  8679 | D:10     | Found a staircase to the Orcish Mines.
  8700 | D:10     | Noticed a manticore
  8703 | D:10     | Killed a manticore
  9067 | D:10     | XOM: fog
  9087 | D:10     | XOM: cleaving
  9140 | D:10     | Found a hazy altar of Hepliaklqana.
  9141 | D:10     | Found a broken altar of Ashenzari.
  9160 | D:10     | XOM: god gift: giant spiked club {god gift}
  9174 | D:10     | XOM: cloud trail
  9295 | D:10     | Found an ancient bone altar of Kikubaaqudgha.
  9371 | D:11     | XOM: smoke on damage
  9384 | D:11     | XOM: confuse monster(s)
  9388 | D:11     | XOM: cleaving
  9395 | D:11     | XOM: polymorph killer bee -> hobgoblin
  9522 | D:10     | XOM is BORED!
  9522 | D:10     | XOM: give mutations
  9522 | D:10     | Gained mutation: You possess an exceptional clarity of
                  | mind. [Xom's mischief]
  9522 | D:10     | Gained mutation: Your spells are a little harder to cast,
                  | but a little more powerful. [Xom's mischief]
  9522 | D:10     | Gained mutation: You sometimes lose the ability to read
                  | scrolls when taking damage. [Xom's mischief]
  9522 | D:10     | Lost mutation: You possess an exceptional clarity of mind.
                  | [Xom's mischief]
  9528 | D:10     | Reached skill level 5 in Dodging
  9539 | D:10     | XOM: god gift: wand of iceblast (5)
  9624 | D:10     | XOM: summons 6 hostile demons
  9819 | D:11     | XOM: cast spell 'Summon Cactus Giant'
 10184 | D:11     | XOM: give mutation
 10184 | D:11     | Gained mutation: Your mind is acute. (Int +4, Str/Dex -1)
                  | [Xom's grace]
 10197 | D:11     | Noticed Nergalle
 10203 | D:11     | Killed Nergalle
 10292 | D:11     | Noticed a two-headed ogre
 10297 | D:11     | XOM: cleaving
 10303 | D:11     | Killed a two-headed ogre
 10482 | D:11     | XOM: god gift: runed great mace {god gift}
 10668 | D:11     | Reached XP level 12. HP: 97/97 MP: 10/10
 10680 | D:11     | Reached skill level 2 in Armour
 10731 | D:11     | Reached skill level 3 in Armour
 10797 | D:11     | XOM: give mutations
 10797 | D:11     | Gained mutation: You passively map a small area around you.
                  | [Xom's grace]
 10797 | D:11     | Gained mutation: You are partially covered in iridescent
                  | scales. (AC +2) [Xom's grace]
 10797 | D:11     | Gained mutation: Your spells are harder to cast, but more
                  | powerful. [Xom's grace]
 10797 | D:11     | Gained mutation: You are strong-willed. (Will+) [Xom's
                  | grace]
 10943 | Lair:1   | Entered Level 1 of the Lair of Beasts
 10949 | Lair:1   | XOM: destruction
 10956 | Lair:1   | Reached skill level 4 in Armour
 11021 | Lair:1   | XOM: enchant monster (good)
 11029 | Lair:1   | Reached skill level 5 in Armour
 11233 | Lair:1   | XOM: divination: magic mapping
 11317 | Lair:1   | Reached skill level 6 in Armour
 11516 | Lair:1   | XOM: summons friendly crimson imp
 11525 | Lair:1   | XOM: cast spell 'Summon Dragon'
 11627 | Lair:1   | XOM: 2-stop teleportation journey
 11646 | Lair:1   | Reached skill level 7 in Armour
 11981 | Lair:1   | Identified a scroll of acquirement
 11981 | Lair:1   | Acquired the scarf "Efiecsy" {repulsion, -Tele rF+ SInv
                  | Stlth+}
 12030 | Lair:2   | XOM: divine lightning
 12097 | Lair:2   | Found a runed translucent door.
 12115 | Lair:2   | Found a dark tunnel.
 12120 | Lair:2   | XOM: summons 2 friendly demons
 12122 | Lair:2   | XOM: potion effect (heal wounds)
 12123 | Lair:2   | XOM: summons 2 friendly demons
 12127 | Lair:2   | XOM: silly message
 12128 | Lair:2   | XOM: summons 3 friendly demons
 12134 | Lair:2   | XOM: summons 7 friendly demons
 12135 | Lair:2   | XOM: enchant monster (good)
 12164 | Volcano  | Entered a volcano
 12464 | Volcano  | XOM: divination: detect items
 12671 | Volcano  | XOM: potion effect (invisibility)
 12678 | Volcano  | XOM: potion effect (heal wounds)
 12681 | Volcano  | Reached XP level 13. HP: 103/103 MP: 11/11
 12852 | Lair:2   | XOM: silly message
 12860 | Lair:2   | Reached skill level 10 in Stealth
 12900 | Lair:2   | XOM: silly message
 13024 | Lair:2   | XOM: silly message
 13042 | Lair:2   | XOM: potion effect (invisibility)
 13212 | Lair:2   | XOM: give mutations
 13212 | Lair:2   | Gained mutation: You are agile. (Dex +4, Str/Int -1) [Xom's
                  | grace]
 13212 | Lair:2   | Gained mutation: You are mostly covered in iridescent
                  | scales. (AC +4) [Xom's grace]
 13510 | Lair:2   | Reached skill level 8 in Armour
 13514 | Lair:2   | XOM: scenery: create altars
 13575 | Lair:2   | XOM: draining
 13624 | Lair:2   | Found a runed translucent gate.
 13624 | Lair:2   | Identified the +1 hat of Time Monsters {rPois}
 13641 | Lair:2   | Found a runed translucent gate.
 13643 | Lair:2   | Found a runed translucent gate.
 13643 | Lair:2   | Found a runed translucent gate.
 13643 | Lair:2   | Found a runed translucent gate.
 13643 | Lair:2   | Found a runed translucent gate.
 13649 | Lair:2   | XOM: noise
 13651 | Lair:2   | XOM: blink monster(s)
 13656 | Lair:2   | XOM: noise
 13944 | Lair:3   | Reached skill level 9 in Armour
 13961 | Lair:3   | Found a frozen archway.
 13990 | IceCv    | Entered an ice cave
 14138 | IceCv    | XOM: silly message
 14355 | IceCv    | Found the +2 Maxwell's thermic engine {flame, freeze, rev}
 14508 | IceCv    | Noticed an ice dragon
 14515 | IceCv    | XOM: divination: magic mapping
 14517 | IceCv    | XOM: cast spell 'Fugue of the Fallen'
 14518 | IceCv    | Killed an ice dragon
 14561 | IceCv    | XOM: divination: detect creatures
 14587 | IceCv    | XOM: silly message
 14982 | Lair:3   | Reached skill level 1 in Long Blades
 15030 | Lair:3   | XOM: divination: detect creatures
 15047 | Lair:3   | XOM: cloud trail
 15286 | Lair:3   | XOM: divination: detect creatures
 15413 | Lair:3   | Found a hole to the Spider Nest.
 15661 | Lair:3   | Found a staircase to the Shoals.
 15806 | Lair:4   | Reached skill level 5 in Long Blades
 15816 | Lair:4   | Reached XP level 14. HP: 95/110 MP: 12/12
 15857 | Lair:4   | Acquired an emergency geobooster {rC+ Will+ Regen+
                  | RegenMP+}
 15912 | Lair:4   | XOM: potion effect (attraction)
 16004 | Lair:4   | Found a viscous altar of Jiyva.
 16004 | Lair:4   | Found a staircase to the Slime Pits.
 16346 | Lair:4   | Found a broken altar of Ashenzari.
 16360 | Lair:4   | XOM: cast spell 'Olgreb's Toxic Radiance'
 16736 | Lair:5   | Entered Level 5 of the Lair of Beasts
 16898 | Lair:5   | XOM: give mutations
 16898 | Lair:5   | Lost mutation: You have very sharp teeth. [Xom's mischief]
 16898 | Lair:5   | Lost mutation: You are strong-willed. (Will+) [Xom's
                  | mischief]
 16898 | Lair:5   | Lost mutation: You are mostly covered in iridescent scales.
                  | (AC +4) [Xom's mischief]
 16935 | Lair:5   | XOM: noise
 16951 | Lair:5   | XOM: polymorph yak -> ball python
 16957 | Lair:5   | XOM: summons friendly iron imp
 17009 | Lair:5   | XOM: summons friendly ufetubus
 17424 | Lair:5   | XOM: swap monsters
 17440 | Lair:5   | Reached skill level 10 in Long Blades
 17508 | Lair:5   | XOM: chaos cloud
 17511 | Lair:5   | XOM: smoke on damage
 17583 | Lair:5   | XOM: silly message
 17671 | Lair:5   | XOM: divination: detect items
 17672 | Lair:5   | XOM: divination: detect creatures
 17689 | Lair:5   | Found a corrupted altar of Lugonu.
 17689 | Lair:5   | Found a one-way gate to the infinite horrors of the Abyss.
 17699 | Lair:5   | Got the Incunable of the Last Coins
 17732 | Lair:5   | XOM: divination: detect creatures
 17947 | Lair:2   | XOM: silly message
 18085 | D:9      | Killed jlumianski's ghost
 18272 | D:4      | Killed Rulersjester's ghost
 18397 | D:7      | XOM: god gift: 54 gold pieces
 18432 | D:8      | XOM: god gift: 2 datura-tipped darts
 18659 | D:12     | Found Jeniuk's Armour Shoppe.
 18830 | D:12     | Reached XP level 15. HP: 104/115 MP: 13/13
 19178 | D:12     | Acquired a +2 double sword of holy wrath
 19479 | D:12     | Identified the +1 spear of Plunder {chaos, Str+3}
 19624 | D:12     | XOM: cloud trail
 19647 | D:13     | XOM: give mutations
 19647 | D:13     | Gained mutation: Your skin changes colour to match your
                  | surroundings (Stealth+). [Xom's grace]
 19647 | D:13     | Gained mutation: You are covered in thick fur. (AC +2)
                  | [Xom's grace]
 19647 | D:13     | Gained mutation: You possess an exceptional clarity of
                  | mind. [Xom's grace]
 19647 | D:13     | Lost mutation: Your magical capacity is low. (-10% MP)
                  | [Xom's grace]
 19694 | D:13     | XOM: scenery: create altars
 20101 | D:13     | Found Nippopt's Distillery.
 20110 | D:13     | Bought a potion of might for 40 gold pieces
 20110 | D:13     | Bought a potion of attraction for 30 gold pieces
 20110 | D:13     | Bought a potion of mutation for 80 gold pieces
 20110 | D:13     | Bought a potion of ambrosia for 80 gold pieces
 20110 | D:13     | Bought a potion of invisibility for 80 gold pieces
 20110 | D:13     | Bought a potion of heal wounds for 50 gold pieces
 20110 | D:13     | Bought a potion of invisibility for 80 gold pieces
 20110 | D:13     | Bought a potion of invisibility for 80 gold pieces
 20110 | D:13     | Bought a potion of enlightenment for 50 gold pieces
 20200 | D:14     | Found a broken altar of Ashenzari.
 20322 | D:14     | XOM: polymorph human -> howler monkey
 20339 | D:14     | XOM is BORED!
 20339 | D:14     | XOM: blink monster(s)
 20356 | D:14     | Identified the +9 dagger "Ubreepudde" {pain, rC+ rN+ Int+2
                  | SInv}
 20465 | D:14     | XOM: fog
 20549 | D:14     | Acquired 1116 gold pieces
 20555 | D:14     | Found Janeriza's Antique Armour Shop.
 20568 | D:14     | Bought a shiny helmet for 195 gold pieces
 20569 | D:14     | XOM: noise
 20575 | D:14     | Reached skill level 10 in Armour
 20580 | D:14     | XOM: give mutations
 20580 | D:14     | Gained mutation: Your spells are much harder to cast, but
                  | much more powerful. [Xom's mischief]
 20580 | D:14     | Lost mutation: Your mind is acute. (Int +4, Str/Dex -1)
                  | [Xom's mischief]
 20580 | D:14     | Lost mutation: You are partially covered in iridescent
                  | scales. (AC +2) [Xom's mischief]
 20608 | D:14     | XOM: butterfly on damage
 20692 | D:14     | Found a gate to the Vaults.
 20746 | D:14     | XOM: summons 1 hostile demon
 20752 | D:14     | Found a blossoming altar of Fedhas.
 20908 | D:14     | Found Janeriza's Antique Armour Shop.
 20940 | D:14     | Found a blossoming altar of Fedhas.
 21018 | D:14     | Found a broken altar of Ashenzari.
 21152 | D:14     | Found a gate to the Vaults.
 21292 | D:14     | XOM: summons 3 hostile demons
 21400 | D:15     | Entered Level 15 of the Dungeon
 21649 | D:15     | XOM: potion effect (might)
 21661 | D:15     | Reached skill level 11 in Armour
 21905 | D:15     | Found a snail-covered altar of Cheibriados.
 22122 | D:15     | XOM: silly message
 22125 | D:15     | XOM: smoke on damage
 22279 | D:15     | XOM: silly message
 22349 | D:15     | Found a staircase to the Depths.
 22363 | D:15     | XOM: potion effect (invisibility)
 22716 | Orc:1    | Entered Level 1 of the Orcish Mines
 22746 | Orc:1    | Found a roughly hewn altar of Beogh.
 22755 | Orc:1    | Found a transporter.
 22807 | Orc:1    | Reached skill level 12 in Armour
 22812 | Orc:1    | XOM: silly message
 22833 | Orc:1    | XOM: silly message
 22908 | Orc:1    | XOM: divination: detect creatures
 23108 | Orc:1    | XOM: stat loss: -1 Str (12/13)
 23250 | Orc:1    | Found a transporter.
 23250 | Orc:1    | Found a runed translucent door.
 23250 | Orc:1    | Found a bloodstained altar of Trog.
 23250 | Orc:1    | Found the necklace of Bloodlust {Fury *Rage Will++ Int-3
                  | Slay+6}
 23257 | Orc:1    | Noticed a deep elf sorcerer
 23258 | Orc:1    | Noticed a deep elf elementalist
 23261 | Orc:1    | Reached XP level 16. HP: 106/127 MP: 16/16
 23299 | Orc:1    | XOM: cleaving
 23312 | Orc:1    | Identified the +3 plate armour "Qafawnai" {rC+ rN+ Will+}
 23316 | Orc:1    | XOM: cast spell 'Summon Dragon'
 23467 | Orc:2    | XOM: stealth player
 23467 | Orc:2    | Entered Level 2 of the Orcish Mines
 23530 | Orc:2    | XOM: divination: magic mapping
 23633 | Orc:2    | Reached skill level 13 in Armour
 23646 | Orc:2    | XOM: confuse monster(s)
 23655 | Orc:2    | XOM: divine lightning
 23656 | Orc:2    | XOM: polymorph orc warlord -> jorogumo
 23775 | Orc:2    | XOM: scenery: create altars
 23880 | Orc:2    | Found a roughly hewn altar of Beogh.
 23906 | Orc:2    | Found Zicyvare's Jewellery Boutique.
 23909 | Orc:2    | Found Moraraph's General Store.
 23942 | Orc:2    | XOM: polymorph orc warrior -> bat
 23986 | Orc:2    | Found Jabyxan's Antique Weapon Boutique.
 24023 | Orc:2    | Found Wunke's Antique Armour Boutique.
 24030 | Orc:2    | Bought a bloodstained leather armour for 203 gold pieces
 24030 | Orc:2    | Identified the +0 leather armour "Kacs" {Harm MP+9 Dex-5
                  | SInv} (You bought it in a shop on level 2 of the Orcish
                  | Mines)
 24030 | Orc:2    | Bought a runed plate armour for 754 gold pieces
 24118 | Orc:2    | XOM: polymorph kobold blastminer -> scorpion
 24122 | Orc:2    | XOM: swap monsters
 24131 | Orc:2    | Found a staircase to the Elven Halls.
 24199 | Orc:2    | XOM: silly message
 24306 | Orc:2    | Found a shimmering altar of Xom.
 24410 | Orc:1    | XOM: noise
 24424 | Orc:1    | XOM: polymorph moth of wrath -> two-headed ogre
 24426 | Orc:1    | XOM: polymorph two-headed ogre -> cane toad
 24451 | Orc:1    | XOM: silly message
 24453 | Abyss:2  | Cast into level 2 of the Abyss (a deep elf sorcerer)
 24504 | Abyss:2  | XOM: enchant monster (good)
 24556 | Abyss:2  | Found a corrupted altar of Lugonu.
 24559 | Abyss:2  | XOM: silly message
 24576 | Abyss:2  | Noticed a lich
 24578 | Abyss:2  | Noticed a tentacled starspawn
 24582 | Abyss:2  | XOM: swap monsters
 24583 | Abyss:2  | Killed a lich
 24594 | Abyss:2  | Killed a tentacled starspawn
 24615 | Abyss:2  | Noticed a tentacled starspawn
 24629 | Abyss:2  | Killed a tentacled starspawn
 24644 | Abyss:2  | Noticed a tentacled starspawn
 24646 | Abyss:2  | XOM: noise
 24649 | Abyss:2  | Noticed a tentacled starspawn
 24661 | Abyss:2  | Killed a tentacled starspawn
 24683 | Abyss:2  | XOM: silly message
 24684 | Orc:1    | Escaped the Abyss
 24684 | Orc:1    | XOM: potion effect (haste)
 24728 | Orc:1    | XOM: summons 3 hostile demons
 24825 | Orc:2    | XOM: give mutations
 24825 | Orc:2    | Lost mutation: You are agile. (Dex +4, Str/Int -1) [Xom's
                  | mischief]
 24825 | Orc:2    | Lost mutation: You are covered in thick fur. (AC +2) [Xom's
                  | mischief]
 24825 | Orc:2    | Lost mutation: Your spells are much harder to cast, but
                  | much more powerful. [Xom's mischief]
 24952 | Orc:1    | Identified the +7 glaive "Killer Bee's Doom" {holy, rPois
                  | Str+3}
 25135 | Spider:1 | Entered Level 1 of the Spider Nest
 25386 | Spider:1 | Reached skill level 1 in Throwing
 25749 | Spider:1 | XOM: give mutations
 25749 | Spider:1 | Lost mutation: You expend magic power (3 MP) to strengthen
                  | your wands. [Xom's mischief]
 25749 | Spider:1 | Lost mutation: You are vulnerable to heat. (rF-) [Xom's
                  | mischief]
 25811 | Spider:1 | Reached XP level 17. HP: 133/133 MP: 17/17
 26293 | Spider:1 | XOM: stat loss: -1 Dex (17/18)
 26353 | Spider:2 | XOM: give mutations
 26353 | Spider:2 | Gained mutation: Your health recovers twice as slowly from
                  | being drained. [Xom's mischief]
 26353 | Spider:2 | Lost mutation: Your spells are harder to cast, but more
                  | powerful. [Xom's mischief]
 26417 | Spider:2 | XOM: give mutation
 26417 | Spider:2 | Gained mutation: You occasionally shout uncontrollably at
                  | your foes. [Xom's mischief]
 26484 | Spider:2 | Reached skill level 5 in Throwing
 26503 | Spider:2 | XOM: 1-stop teleportation journey
 26560 | Spider:2 | XOM: enchant monster (bad)
 26634 | Spider:2 | XOM: summons friendly white imp
 26711 | Spider:2 | XOM: noise
 26722 | Spider:2 | XOM: scenery: summon butterflies
 26723 | Spider:2 | XOM: swap monsters
 26733 | Spider:2 | XOM: confuse monster(s)
 26741 | Spider:2 | XOM: fog
 26748 | Spider:2 | XOM: polymorph butterfly -> gnoll
 26782 | Spider:2 | XOM: scenery: summon butterflies
 26930 | Spider:2 | Identified the +7 quarterstaff "Tiafon" {pain, rPois}
 27171 | Spider:2 | XOM: god gift: staff of alchemy
 27284 | Spider:2 | XOM: give mutations
 27284 | Spider:2 | Gained mutation: You are agile. (Dex +4, Str/Int -1) [Xom's
                  | grace]
 27284 | Spider:2 | Gained mutation: You have a pair of small antennae on your
                  | head. [Xom's grace]
 27317 | Spider:2 | XOM: scenery: create altars
 27326 | Spider:3 | XOM: noise
 27345 | Spider:3 | XOM: summons friendly quasit
 27356 | Spider:3 | Reached skill level 15 in Fighting
 27695 | Spider:3 | XOM: fake destruction
 27709 | Spider:3 | XOM: summons friendly shadow imp
 28172 | Spider:3 | XOM: enchant monster (bad)
 28176 | Spider:3 | XOM: give mutations
 28176 | Spider:3 | Lost mutation: You occasionally shout uncontrollably at
                  | your foes. [Xom's mischief]
 28176 | Spider:3 | Gained mutation: You are occasionally teleported next to
                  | monsters. [Xom's mischief]
 28176 | Spider:3 | Lost mutation: Your health recovers twice as slowly from
                  | being drained. [Xom's mischief]
 28206 | Spider:3 | XOM: give mutations
 28206 | Spider:3 | Gained mutation: You are robust. (+10% HP) [Xom's mischief]
 28206 | Spider:3 | Lost mutation: You are agile. (Dex +4, Str/Int -1) [Xom's
                  | mischief]
 28206 | Spider:3 | Lost mutation: You sometimes lose the ability to read
                  | scrolls when taking damage. [Xom's mischief]
 28334 | Spider:4 | Entered Level 4 of the Spider Nest
 28413 | Spider:4 | XOM: give mutations
 28413 | Spider:4 | Lost mutation: You possess an exceptional clarity of mind.
                  | [Xom's mischief]
 28413 | Spider:4 | Gained mutation: You have hidden genetic defects. [Xom's
                  | mischief]
 28413 | Spider:4 | Lost mutation: You are occasionally teleported next to
                  | monsters. [Xom's mischief]
 28413 | Spider:4 | Lost mutation: Your spells are a little harder to cast, but
                  | a little more powerful. [Xom's mischief]
 28480 | Spider:3 | XOM: give mutation
 28480 | Spider:3 | Lost mutation: You have hidden genetic defects. [Xom's
                  | mischief]
 28531 | Spider:4 | XOM: polymorph tarantella -> sea snake
 28643 | Spider:4 | XOM: noise
 28663 | Spider:4 | Noticed Louise
 28828 | Spider:4 | XOM: confusion
 28834 | Spider:4 | XOM: draining
 28906 | Spider:4 | Killed Louise
 28907 | Spider:4 | Reached XP level 18. HP: 136/154 MP: 18/18
 28998 | Spider:4 | XOM: fog
 29063 | Spider:4 | XOM: stat loss: -1 Str (14/15)
 29088 | Spider:4 | XOM: divination: magic mapping
 29160 | Spider:4 | Identified the +10 war axe "Gilen" {flame, rF+ Str+3}
 29199 | Spider:4 | XOM: fake destruction
 29204 | Spider:4 | XOM: polymorph jumping spider -> sky beast
 29244 | Spider:4 | XOM: smoke on damage
 29284 | Spider:4 | XOM: summons 10 friendly demons
 29304 | Spider:4 | XOM: chaos cloud
 29309 | Spider:4 | XOM: confusion (+ monsters)
 29383 | Spider:4 | XOM: silly message
 29545 | Spider:4 | XOM: silly message
 29546 | Spider:4 | XOM: fake destruction
 29568 | Spider:4 | XOM: enchant monster (bad)
 29595 | Spider:4 | Got a gossamer rune of Zot
 29772 | Spider:4 | XOM: silly message
 29923 | Spider:1 | XOM: summons 1 hostile shadow creature
 29928 | Spider:1 | XOM: noise
 30030 | Shoals:1 | Entered Level 1 of the Shoals
 30039 | Shoals:1 | Noticed Donald
 30046 | Shoals:1 | XOM: destruction
 30098 | Shoals:1 | XOM: destruction
 30102 | Shoals:1 | Killed Donald
 30409 | Shoals:1 | XOM: scenery: create altars
 30555 | Shoals:1 | XOM: 1-stop teleportation journey
 30984 | Shoals:2 | XOM: silly message
 31001 | Shoals:2 | Noticed Polyphemus
 31006 | Shoals:2 | XOM: smoke on damage
 31026 | Shoals:2 | Killed Polyphemus
 31194 | Shoals:2 | XOM: swap monsters
 31206 | Shoals:2 | XOM: fog
 31264 | Shoals:2 | XOM: god gift: 38 gold pieces
 31417 | Shoals:2 | XOM: confuse monster(s)
 31419 | Shoals:2 | XOM: divination: detect items
 31647 | Shoals:2 | XOM: cast spell 'Summon Ice Beast'
 31727 | Shoals:2 | Noticed Ilsuiw
 31758 | Shoals:2 | XOM: enchant monster (good)
 31787 | Shoals:2 | XOM: give mutations
 31787 | Shoals:2 | Gained mutation: You passively dampen the noise of your
                  | surroundings. [Xom's grace]
 31787 | Shoals:2 | Gained mutation: You are partially covered in iridescent
                  | scales. (AC +2) [Xom's grace]
 31787 | Shoals:2 | Gained mutation: Your spells are a little harder to cast,
                  | but a little more powerful. [Xom's grace]
 31787 | Shoals:2 | Gained mutation: You have a pair of antennae on your head.
                  | [Xom's grace]
 31957 | Shoals:2 | XOM: 2-stop teleportation journey
 31968 | Shoals:2 | Reached skill level 10 in Dodging
 31968 | Shoals:2 | Reached XP level 19. HP: 163/185 MP: 19/19
 31970 | Shoals:2 | Killed Ilsuiw
 31984 | Shoals:2 | XOM: scenery: create altars
 32102 | Shoals:2 | XOM: give mutations
 32102 | Shoals:2 | Gained mutation: Your flesh is heat resistant. (rF+) [Xom's
                  | grace]
 32102 | Shoals:2 | Gained mutation: Your movements are slightly less
                  | encumbered by armour. (ER -2) [Xom's grace]
 32102 | Shoals:2 | Gained mutation: Your movements are less encumbered by
                  | armour. (ER -4) [Xom's grace]
 32174 | Shoals:2 | XOM: god gift: book of Dreams
 32664 | Shoals:3 | Identified the +2 rapier of Aseif {flame, Int+2}
 32808 | Shoals:3 | XOM: divination: detect items
 32883 | Shoals:3 | XOM: torment (94/185 hp)
 32930 | Shoals:3 | XOM: scenery: summon butterflies
 32942 | Shoals:4 | Entered Level 4 of the Shoals
 33071 | Shoals:4 | XOM: silly message
 33085 | Shoals:4 | Noticed Bai Suzhen
 33382 | Shoals:4 | XOM: enchant monster (good)
 33523 | Shoals:4 | XOM: fog
 33530 | Shoals:4 | Reached skill level 14 in Armour
 33537 | Shoals:4 | XOM: give mutation
 33537 | Shoals:4 | Gained mutation: You are strong-willed. (Will+) [Xom's
                  | grace]
 33689 | Shoals:4 | XOM: give mutations
 33689 | Shoals:4 | Gained mutation: You are mostly covered in iridescent
                  | scales. (AC +4) [Xom's grace]
 33689 | Shoals:4 | Gained mutation: You expend magic power (3 MP) to
                  | strengthen your wands. [Xom's grace]
 33829 | Shoals:4 | Identified the +6 acid dragon scales of Makhleb's Envy {rN+
                  | rCorr Dex+3}
 34024 | Shoals:4 | Got a barnacled rune of Zot
 34029 | Shoals:4 | XOM is BORED!
 34029 | Shoals:4 | XOM: stat loss: -3 Str (12/15)
 34129 | Shoals:4 | Killed Bai Suzhen
 34333 | Lair:3   | Acquired the +12 crystal plate armour "Osupeekk" {rPois
                  | rCorr Int-3 Slay+5}
 34354 | Lair:3   | XOM: divination: magic mapping
 34545 | Elf:1    | Entered Level 1 of the Elven Halls
 34617 | Elf:1    | Paralysed by an air elemental for 1 turns
 34636 | Elf:1    | XOM: silly message
 34656 | Elf:1    | Reached skill level 15 in Armour
 34673 | Elf:1    | XOM: potion effect (invisibility)
 34901 | Elf:1    | XOM: silly message
 34955 | Elf:1    | XOM: give mutations
 34955 | Elf:1    | Lost mutation: You are mostly covered in iridescent scales.
                  | (AC +4) [Xom's mischief]
 34955 | Elf:1    | Lost mutation: Your movements are less encumbered by
                  | armour. (ER -4) [Xom's mischief]
 34955 | Elf:1    | Lost mutation: Your movements are slightly less encumbered
                  | by armour. (ER -2) [Xom's mischief]
 34955 | Elf:1    | Gained mutation: You have supernaturally acute eyesight.
                  | (SInv) [Xom's mischief]
 35189 | Elf:1    | XOM: stat loss: -1 Dex (17/18)
 35196 | Elf:1    | XOM: noise
 35314 | Elf:1    | XOM: stat loss: -1 Int (9/10)
 35319 | Elf:1    | XOM: divination: detect creatures
 35341 | Elf:1    | XOM: swap monsters
 35342 | Elf:1    | Upgraded the game from 0.32-a0-616-g9348d4545b to
                  | 0.32-a0-630-g46d191b0ed
 35343 | Elf:1    | XOM: confusion
 35464 | Elf:1    | XOM: confusion
 35495 | Elf:1    | XOM: chaos upgrade
 35603 | Elf:1    | Found a burning altar of Makhleb.
 35625 | Elf:1    | Found a roughly hewn altar of Beogh.
 35727 | Elf:2    | XOM: noise
 35830 | Elf:2    | Found a flickering gateway to a bazaar.
 35839 | Bazaar   | Entered a bazaar
 35839 | Bazaar   | Found Suestriun's Book Shop.
 35851 | Bazaar   | Found Oxoziul's Magic Scroll Emporium.
 35862 | Bazaar   | Found Seket's Antique Armour Boutique.
 35870 | Bazaar   | Found Cacuan's General Store.
 35881 | Bazaar   | Found Qotora's Antique Weapon Emporium.
 35921 | Bazaar   | Bought a potion of haste for 170 gold pieces
 35921 | Bazaar   | Bought a scroll of teleportation for 51 gold pieces
 35921 | Bazaar   | Bought a wand of digging (6) for 428 gold pieces
 35921 | Bazaar   | Bought 3 scrolls of fog for 204 gold pieces
 35940 | Bazaar   | Bought a scroll of silence for 180 gold pieces
 35940 | Bazaar   | Bought a scroll of teleportation for 57 gold pieces
 35940 | Bazaar   | Bought a scroll of teleportation for 57 gold pieces
 35940 | Bazaar   | Bought a scroll of fog for 76 gold pieces
 35940 | Bazaar   | Bought a scroll of fog for 76 gold pieces
 35940 | Bazaar   | Bought a scroll of fog for 76 gold pieces
 35965 | Bazaar   | Bought the +8 mithril axe "Arga" {speed, Will+} for 1615
                  | gold pieces
 35965 | Bazaar   | Found the +8 mithril axe "Arga" {speed, Will+}
 35986 | Elf:2    | Found a runed translucent gate.
 35986 | Elf:2    | Found a runed translucent gate.
 35987 | Elf:2    | Found a runed translucent gate.
 36010 | Elf:2    | Noticed zenocrate's ghost (adept FeEE)
 36011 | Elf:2    | Found a runed translucent gate.
 36011 | Elf:2    | Found a runed translucent gate.
 36011 | Elf:2    | Found a runed translucent gate.
 36019 | Elf:2    | Reached skill level 16 in Armour
 36020 | Elf:2    | XOM: scenery: create altars
 36041 | Elf:2    | XOM: divination: magic mapping
 36043 | Elf:2    | Killed zenocrate's ghost
 36051 | Elf:2    | Reached XP level 20. HP: 97/193 MP: 20/20
 36254 | Elf:2    | XOM: 2-stop teleportation journey
 36464 | Elf:2    | XOM: 1-stop teleportation journey
 36477 | Elf:2    | XOM: enchant monster (good)
 36530 | Elf:2    | XOM: divination: detect items
 36690 | Elf:2    | XOM: smoke on damage
 36743 | Elf:2    | Reached skill level 17 in Armour
 36939 | Elf:3    | XOM: stealth player
 36939 | Elf:3    | Entered Level 3 of the Elven Halls
 36971 | Elf:3    | XOM: cast spell 'Metabolic Englaciation'
 37190 | Elf:3    | XOM: divination: magic mapping
 37553 | Elf:3    | XOM: divination: detect items
 37632 | Elf:3    | XOM: enchant monster (bad)
 37657 | Elf:3    | XOM: cloud trail
 37672 | Elf:3    | Reached skill level 18 in Armour
 37723 | Elf:3    | XOM: noise
 37762 | Elf:3    | Identified the amulet "Rammicul" {Reflect +Inv rCorr Dex+4
                  | SH+5}
 37770 | Elf:3    | XOM: divination: detect creatures
 37782 | Elf:3    | XOM: divination: magic mapping
 37883 | Elf:3    | XOM: noise
 37940 | Elf:3    | Identified the +4 dagger "Xanieh" {heavy, rPois Str+4 Int+2
                  | Dex-4}
 37940 | Elf:3    | XOM: 2-stop teleportation journey
 37944 | Abyss:4  | Cast into level 4 of the Abyss (deep elf death mage)
 37946 | Abyss:4  | Found a corrupted altar of Lugonu.
 38012 | Abyss:4  | Found a corrupted altar of Lugonu.
 38106 | Abyss:4  | XOM: enchant monster (good)
 38108 | Abyss:4  | XOM: noise
 38114 | Abyss:4  | XOM: confuse monster(s)
 38116 | Abyss:4  | XOM: noise
 38158 | Abyss:4  | XOM: potion effect (invisibility)
 38173 | Abyss:4  | Got an abyssal rune of Zot
 38180 | Elf:3    | Escaped the Abyss
 38182 | Elf:3    | Identified the +6 sling of Responsibility {heavy, Will+
                  | rCorr Str+3}
 38429 | Elf:3    | Identified the ring "Barghuogh" {Will+ MP+9 Slay+4}
 38467 | Elf:3    | XOM: enchant monster (bad)
 38469 | Elf:3    | XOM: give mutations
 38469 | Elf:3    | Lost mutation: You are robust. (+10% HP) [Xom's mischief]
 38469 | Elf:3    | Lost mutation: You have a pair of antennae on your head.
                  | [Xom's mischief]
 38469 | Elf:3    | Lost mutation: You passively map a small area around you.
                  | [Xom's mischief]
 38527 | Elf:3    | XOM: confusion
 38539 | Elf:3    | XOM: polymorph deep elf demonologist -> jorogumo
 38540 | Elf:3    | XOM: blink monster(s)
 38543 | Elf:3    | XOM: cleaving
 38618 | Elf:3    | Got the Precepts of Seismic Spectres
 38660 | Elf:3    | Reached skill level 19 in Armour
 38757 | Elf:3    | XOM: summons 8 friendly demons
 38807 | Elf:3    | Identified the +7 trident of Nevuer {heavy, ^Drain +Blink
                  | Str+3 Int+5}
 38821 | Elf:3    | Identified the +2 dagger of Compassion {heavy, Dex+7}
 38847 | Elf:3    | Identified the +2 robe of Ixtai {Str+3 Int+2 Slay-5 SInv}
 38864 | Elf:3    | XOM: confusion
 38871 | Elf:3    | XOM: chaos cloud
 38878 | Elf:3    | XOM: give mutations
 38878 | Elf:3    | Gained mutation: You are highly strong-willed. (Will++)
                  | [Xom's mischief]
 38878 | Elf:3    | Lost mutation: You are highly strong-willed. (Will++)
                  | [Xom's mischief]
 38879 | Elf:3    | Reached XP level 21. HP: 77/169 MP: 18/21
 39024 | Elf:3    | XOM: polymorph orange demon -> Executioner
 39344 | Elf:3    | XOM: noise
 39455 | Elf:3    | XOM: cloud trail
 39920 | Vaults:1 | Entered Level 1 of the Vaults
 40062 | Vaults:1 | Identified the +0 pair of gloves of the Modern Villages
                  | {rElec Str+2 Dex+2 Stlth+}
 40128 | Vaults:1 | XOM: potion effect (might)
 40182 | Vaults:1 | Reached skill level 20 in Armour
 40188 | Vaults:1 | Reached skill level 1 in Axes
 40258 | Vaults:1 | You fall into a shaft and drop 1 floor!
 40357 | Vaults:1 | XOM: cast spell 'Olgreb's Toxic Radiance'
 40475 | Vaults:1 | XOM: silly message
 40630 | Vaults:1 | XOM: enchant monster (bad)
 40633 | Vaults:1 | XOM: confuse monster(s)
 40635 | Vaults:1 | Reached skill level 5 in Axes
 40641 | Vaults:1 | XOM: confusion
 40652 | Vaults:1 | XOM: god gift: 3 darts of dispersal
 40668 | Vaults:1 | XOM: fog
 40769 | Vaults:1 | XOM: give mutations
 40769 | Vaults:1 | Gained mutation: You are robust. (+10% HP) [Xom's grace]
 40769 | Vaults:1 | Gained mutation: You are highly strong-willed. (Will++)
                  | [Xom's grace]
 40769 | Vaults:1 | Gained mutation: You possess an exceptional clarity of
                  | mind. [Xom's grace]
 40812 | Vaults:1 | Identified the +7 mace of Valour {drain, rF+ rC+}
 40823 | Vaults:1 | XOM: summons friendly quasit
 40830 | Vaults:1 | XOM: destruction
 41184 | Vaults:1 | XOM: scenery: create altars
 41209 | Vaults:1 | XOM: scenery: summon butterflies
 41740 | Vaults:2 | Identified the serpent talisman "Kysch" {*Slow rF+ Int+3
                  | Dex+5}
 41740 | Vaults:2 | Noticed Aizul
 41740 | Vaults:2 | XOM: summons friendly crimson imp
 41747 | Vaults:2 | Killed Aizul
 41797 | Vaults:2 | XOM: confuse monster(s)
 42033 | Vaults:2 | Identified the staff of a bailey {^Fragile MP+9 Dex-3 Conj
                  | Earth} (Xom gifted it to you on level 2 of the Vaults)
 42033 | Vaults:2 | XOM: god gift: staff of a bailey {^Fragile MP+9 Dex-3 Conj
                  | Earth}
 42034 | Vaults:2 | XOM: 1-stop teleportation journey
 42091 | Vaults:2 | Reached skill level 10 in Axes
 42177 | Vaults:2 | XOM: summons 2 friendly demons
 42350 | Vaults:2 | Found a staircase to the Crypt.
 42403 | Vaults:2 | XOM: enchant monster (bad)
 42419 | Vaults:2 | Reached XP level 22. HP: 209/209 MP: 22/22
 42441 | Vaults:2 | XOM: draining
 42505 | Vaults:2 | XOM: divination: detect items
 42543 | Vaults:3 | Noticed Xtahua
 42554 | Vaults:3 | Killed Xtahua
 42556 | Vaults:3 | XOM: summons friendly crimson imp
 42559 | Vaults:3 | XOM: summons 5 friendly demons
 42811 | Vaults:3 | XOM: god gift: book of the Earth
 42847 | Vaults:3 | XOM: summons 2 friendly demons
 43065 | Vaults:3 | XOM: summons 16 friendly demons
 43076 | Vaults:3 | Identified the +3 leather armour of Lies {rPois}
 43078 | Vaults:3 | Found Xioppagg's Antique Armour Shoppe.
 43081 | Vaults:3 | Bought a runed cloak for 322 gold pieces
 43090 | Vaults:3 | XOM: 7-stop teleportation journey
 43282 | Vaults:3 | XOM: 6-stop teleportation journey
 43509 | Vaults:3 | Found a runed translucent gate.
 43510 | Vaults:3 | Found a runed translucent gate.
 43510 | Vaults:3 | Found a runed translucent gate.
 43511 | Vaults:3 | Noticed olmar's ghost (adept CoAr)
 43513 | Vaults:3 | Found an iron altar of Okawaru.
 43518 | Vaults:3 | XOM: summons friendly white imp
 43525 | Vaults:3 | XOM: destruction
 43527 | Vaults:3 | XOM: chaos upgrade
 43529 | Vaults:3 | Killed olmar's ghost
 43561 | Vaults:3 | Identified the +9 quick blade "Worm" {venom, rElec}
 43563 | Vaults:3 | Identified the +0 robe "Sumosk" {rF+}
 43629 | Vaults:3 | XOM: 1-stop teleportation journey
 43672 | Vaults:3 | XOM: summons 5 friendly demons
 44033 | Vaults:3 | Found Xioppagg's Antique Armour Shoppe.
 44201 | Vaults:3 | Found an iron altar of Okawaru.
 44286 | Vaults:3 | XOM: cloud trail
 44523 | Vaults:4 | XOM: 1-stop teleportation journey
 44524 | Vaults:4 | XOM: enchant monster (good)
 44554 | Vaults:4 | XOM: cast spell 'Discord'
 44680 | Vaults:4 | XOM: divination: detect creatures
 44682 | Vaults:4 | Reached skill level 15 in Axes
 44841 | Vaults:4 | XOM: summons friendly white imp
 44952 | Vaults:4 | XOM: blink monster(s)
 45601 | Vaults:4 | Noticed Jory
 45616 | Vaults:4 | Killed Jory
 45663 | Vaults:4 | Reached XP level 23. HP: 215/215 MP: 23/23
 45677 | Vaults:4 | XOM: scenery: create altars
 45679 | Vaults:4 | Noticed Margery
 45701 | Vaults:4 | Killed Margery
 45710 | Vaults:4 | XOM: chaos upgrade
 45957 | Vaults:4 | XOM: enchant monster (bad)
 45979 | Vaults:5 | Entered Level 5 of the Vaults
 45980 | Vaults:5 | XOM: enchant monster (good)
 45986 | Vaults:4 | XOM: fake destruction
 45990 | Vaults:4 | XOM: god gift: quarterstaff {god gift}
 46020 | Vaults:4 | XOM: polymorph vault guard -> faun
 46067 | Vaults:4 | XOM: enchant monster (good)
 46104 | Vaults:5 | XOM: smoke on damage
 46120 | Vaults:4 | XOM: give mutations
 46120 | Vaults:4 | Lost mutation: You have supernaturally acute eyesight.
                  | (SInv) [Xom's mischief]
 46120 | Vaults:4 | Lost mutation: You expend magic power (3 MP) to strengthen
                  | your wands. [Xom's mischief]
 46120 | Vaults:4 | Lost mutation: You are covered in fur. (AC +1) [Xom's
                  | mischief]
 46120 | Vaults:4 | Gained mutation: Your flesh is cold resistant. (rC+) [Xom's
                  | mischief]
 46263 | Vaults:5 | Identified the +12 chain mail "Sesytyv" {Regen+}
 46288 | Vaults:5 | XOM: summons 3 friendly demons
 46300 | Vaults:5 | XOM: enchant monster (good)
 46303 | Vaults:5 | XOM: confuse monster(s)
 46306 | Vaults:5 | XOM: divination: detect creatures
 46332 | Vaults:5 | Noticed a golden dragon
 46339 | Vaults:5 | Killed a golden dragon
 46480 | Vaults:5 | a titan changed into a caustic shrike
 46480 | Vaults:5 | Noticed a caustic shrike
 46480 | Vaults:5 | XOM: cleaving
 46481 | Vaults:5 | Killed a caustic shrike
 46497 | Vaults:5 | Got a silver rune of Zot
 46670 | Vaults:5 | XOM: god gift: scroll of torment
 46719 | Vaults:5 | Identified the +0 leather armour of Shadows and Fog {rPois
                  | Int+2 Stlth+}
 46848 | Vaults:5 | XOM: god gift: scale mail {god gift}
 47069 | Vaults:4 | XOM: torment (93/211 hp)
 47159 | Vaults:5 | XOM: give mutations
 47159 | Vaults:5 | Gained mutation: You are mostly covered in iridescent
                  | scales. (AC +4) [Xom's grace]
 47159 | Vaults:5 | Gained mutation: You have supernaturally acute eyesight.
                  | (SInv) [Xom's grace]
 47159 | Vaults:5 | Gained mutation: You have a pair of antennae on your head.
                  | [Xom's grace]
 47159 | Vaults:5 | Gained mutation: Your system is resistant to poisons.
                  | (rPois) [Xom's grace]
 47187 | Vaults:5 | XOM: stat loss: -1 Str (18/19)
 47259 | Vaults:5 | Identified the ring "Habbyut" {*Corrode AC+4 Dex+4 Stlth+}
 47273 | Vaults:5 | Noticed a dread lich
 47274 | Vaults:5 | XOM: summons friendly quasit
 47286 | Vaults:5 | XOM: scenery: 1 doors open
 47319 | Vaults:5 | XOM: divination: detect creatures
 47417 | Vaults:5 | XOM: summons 2 hostile demons
 47433 | Vaults:5 | Identified the +9 whip of Judgement {drain, rPois Will++
                  | Int-2}
 47433 | Vaults:5 | Identified the ring of Qaarycy {Wiz *Slow Str+3 Int+6
                  | Dex+2}
 47435 | Vaults:5 | XOM: silly message
 47448 | Vaults:5 | XOM: cast spell 'Fugue of the Fallen'
 47518 | Vaults:5 | Identified the staff of Nuazxoic {rF+ Int+3 Fire}
 47605 | Vaults:5 | XOM: potion effect (might)
 47608 | Vaults:5 | XOM: potion effect (heal wounds)
 47636 | Vaults:5 | Killed a dread lich
 47989 | Vaults:5 | Reached XP level 24. HP: 201/224 MP: 23/23
 47992 | Vaults:5 | XOM: potion effect (might)
 47997 | Vaults:5 | Reached skill level 15 in Dodging
 48102 | Vaults:5 | XOM: divination: magic mapping
 48149 | Vaults:5 | Identified the +5 quarterstaff of Kaatum {flame, Int+2
                  | Dex+2}
 48863 | Vaults:5 | XOM: give mutations
 48863 | Vaults:5 | Lost mutation: You are robust. (+10% HP) [Xom's mischief]
 48863 | Vaults:5 | Lost mutation: Your flesh is cold resistant. (rC+) [Xom's
                  | mischief]
 48863 | Vaults:5 | Lost mutation: You possess an exceptional clarity of mind.
                  | [Xom's mischief]
 48863 | Vaults:5 | Lost mutation: Your spells are a little harder to cast, but
                  | a little more powerful. [Xom's mischief]
 49197 | Vaults:1 | XOM: scenery: 6 doors close
 49313 | Depths:1 | Entered Level 1 of the Depths
 49316 | Depths:1 | Found a runed translucent door.
 49731 | Depths:1 | Found a one-way gate leading to the halls of Pandemonium.
 49977 | Depths:1 | XOM: god gift: 9 stones
 49997 | Depths:1 | Found a gateway to Hell.
 50422 | Depths:2 | XOM: divination: detect creatures
 50490 | Depths:2 | Found a shadowy altar of Dithmenos.
 50500 | Depths:2 | XOM: scenery: 1 doors open
 50535 | Depths:2 | Found a runed translucent door.
 50537 | Depths:2 | Noticed Isotadock's ghost (veteran GnWn)
 50553 | Depths:2 | XOM: fog
 50568 | Depths:2 | Killed Isotadock's ghost
 50569 | Depths:2 | XOM: divination: magic mapping
 50625 | Depths:2 | Found a runed translucent door.
 50625 | Depths:2 | Noticed Nenuxulire's ghost (veteran GnWn)
 50628 | Depths:2 | XOM: cleaving
 50638 | Depths:2 | XOM: cast spell 'Summon Cactus Giant'
 50648 | Depths:2 | Killed Nenuxulire's ghost
 50679 | Depths:2 | Found a runed translucent door.
 50679 | Depths:2 | Noticed Kobesyp's ghost (veteran DsAl)
 50698 | Depths:2 | Killed Kobesyp's ghost
 50774 | Depths:2 | XOM: confuse monster(s)
 50784 | Depths:2 | XOM: confuse monster(s)
 50787 | Depths:2 | XOM: summons 3 friendly demons
 50982 | Depths:2 | Found a one-way gateway to a ziggurat.
 51004 | Depths:2 | XOM: 2-stop teleportation journey
 51007 | Depths:2 | XOM: 1-stop teleportation journey
 51611 | Depths:3 | Found a corrupted altar of Lugonu.
 51637 | Depths:3 | Noticed a caustic shrike
 51645 | Depths:3 | Killed a caustic shrike
 51649 | Depths:3 | XOM: cloud trail
 51667 | Depths:3 | XOM: destruction
 51671 | Depths:3 | XOM: confuse monster(s)
 51692 | Depths:3 | Identified the +3 demon trident of Incongruity {vamp, rC++
                  | rCorr Str-3 Dex+3}
 51740 | Depths:3 | XOM: summons friendly quasit
 51763 | Depths:3 | XOM: blink monster(s)
 51851 | Depths:3 | Identified the +0 robe "Zuppot" {rElec Str+3}
 51926 | Depths:3 | XOM: give mutation
 51926 | Depths:3 | Gained mutation: You occasionally lose the ability to drink
                  | potions when taking damage. [Xom's mischief]
 51927 | Depths:3 | XOM: divine lightning
 52288 | Depths:3 | XOM: swap monsters
 52349 | Depths:3 | XOM: divination: detect items
 52499 | Depths:3 | Found a portal to a secret trove of treasure.
 52731 | Depths:3 | XOM: chaos upgrade
 52907 | Depths:4 | Entered Level 4 of the Depths
 52907 | Depths:4 | Found Raploah's Jewellery Shop.
 52907 | Depths:4 | XOM: noise
 52927 | Depths:4 | Reached XP level 25. HP: 95/192 MP: 23/23
 53106 | Depths:4 | XOM: summons 13 hostile demons
 53314 | Depths:4 | Identified the +1 halberd of Putrescence {freeze, Str+5
                  | Int+7 Dex-4}
 53339 | Depths:4 | Found Ahaxtosm's Magic Scroll Shop.
 53341 | Depths:4 | Found Gepsua's Antique Armour Boutique.
 53344 | Depths:4 | Found Delitir's Antique Weapon Shop.
 53347 | Depths:4 | Bought a scroll of blinking for 165 gold pieces
 53347 | Depths:4 | Bought a scroll of fog for 88 gold pieces
 53347 | Depths:4 | Bought a scroll of blinking for 165 gold pieces
 53347 | Depths:4 | Bought a scroll of summoning for 209 gold pieces
 53360 | Depths:4 | Bought a pair of scorched gloves for 370 gold pieces
 53360 | Depths:4 | Identified the +3 pair of gloves of Etojat {rElec rF- Str+3
                  | Dex+2} (You bought it in a shop on level 4 of the Depths)
 53360 | Depths:4 | Bought a pair of glowing gloves for 292 gold pieces
 53364 | Depths:4 | Bought a runed rapier for 224 gold pieces
 53423 | Depths:4 | XOM: 3-stop teleportation journey
 53489 | Depths:4 | XOM: silly message
 53607 | Depths:4 | XOM: chaos upgrade
 53714 | Depths:4 | XOM: confusion (+ monsters)
 53716 | Depths:4 | XOM: swap monsters
 53718 | Depths:4 | XOM: noise
 53831 | Depths:4 | XOM: confusion (+ monsters)
 53928 | Depths:4 | XOM: give mutations
 53928 | Depths:4 | Gained mutation: You are completely covered in iridescent
                  | scales. (AC +6) [Xom's mischief]
 53928 | Depths:4 | Lost mutation: You passively dampen the noise of your
                  | surroundings. [Xom's mischief]
 53937 | Depths:4 | XOM: chaos cloud
 54025 | Depths:4 | XOM: chaos upgrade
 54044 | Depths:4 | XOM: god gift: mace {god gift}
 54067 | Depths:4 | Found a gate to the Realm of Zot.
 54094 | Depths:4 | XOM: chaos upgrade
 54096 | Depths:4 | XOM: confuse monster(s)
 54421 | Depths:4 | XOM: give mutations
 54421 | Depths:4 | Lost mutation: Your skin changes colour to match your
                  | surroundings (Stealth+). [Xom's mischief]
 54421 | Depths:4 | Gained mutation: Your spells are a little harder to cast,
                  | but a little more powerful. [Xom's mischief]
 54421 | Depths:4 | Lost mutation: You occasionally lose the ability to drink
                  | potions when taking damage. [Xom's mischief]
 54421 | Depths:4 | Gained mutation: Your mind is acute. (Int +4, Str/Dex -1)
                  | [Xom's mischief]
 54438 | Depths:4 | XOM: noise
 54993 | Slime:1  | Entered Level 1 of the Pits of Slime
 54999 | Slime:1  | Gained mutation: You occasionally lose the ability to drink
                  | potions when taking damage. [a shining eye]
 55004 | Slime:1  | Reached skill level 21 in Armour
 55013 | Slime:1  | XOM: polymorph slime creature -> blink frog
 55105 | Slime:4  | Gained mutation: You occasionally shout uncontrollably at
                  | your foes. [a shining eye]
 55122 | Slime:5  | Entered Level 5 of the Pits of Slime
 55312 | Slime:5  | Noticed the Royal Jelly
 55316 | Slime:5  | XOM: noise
 55317 | Slime:5  | XOM: polymorph larval firesting beast -> rime drake
 55325 | Slime:5  | XOM: polymorph rime drake -> dart slug
 55327 | Slime:5  | Killed the Royal Jelly
 55336 | Slime:5  | XOM: enchant monster (good)
 55347 | Slime:5  | XOM: enchant monster (good)
 55353 | Slime:5  | HP: 8/210 [azure jelly[the Royal Jelly] (5)]
 55403 | Slime:5  | Identified the ring "Pemowol" {Wiz rN+ SInv}
 55427 | Slime:5  | Got a slimy rune of Zot
 55432 | Slime:5  | Got a starry gem with 281 turns to spare
 55469 | Slime:5  | Identified the ring of the Middle {Fly rElec}
 55474 | Slime:5  | Identified the +7 rapier of the Absolute Madman {pain,
                  | rElec rN++}
 55831 | Crypt:1  | Entered Level 1 of the Crypt
 55874 | Crypt:1  | XOM: 6-stop teleportation journey
 55880 | Crypt:1  | Reached skill level 22 in Armour
 55888 | Crypt:1  | Reached XP level 26. HP: 108/218 MP: 7/23
 55898 | Crypt:1  | XOM: confusion (+ monsters)
 56174 | Crypt:1  | Identified the +4 robe of Intense Miracles {rC- MP+9 Int+3
                  | Dex+2}
 56174 | Crypt:1  | Noticed Boris
 56194 | Crypt:1  | Killed Boris
 56608 | Crypt:1  | XOM: 1-stop teleportation journey
 57101 | Crypt:2  | Noticed Grunn
 57111 | Crypt:2  | XOM: summons friendly white imp
 57114 | Crypt:2  | XOM: swap monsters
 57116 | Crypt:2  | Killed Grunn
 57199 | Crypt:2  | Identified the +2 robe of Doeq {+Inv rC- Dex+2}
 57199 | Crypt:2  | Noticed Boris
 57212 | Crypt:2  | Killed Boris
 57354 | Crypt:2  | XOM: 1-stop teleportation journey
 57364 | Crypt:2  | XOM: noise
 57468 | Crypt:2  | Reached skill level 23 in Armour
 57908 | Crypt:3  | Entered Level 3 of the Crypt
 57918 | Crypt:3  | XOM: confusion
 57937 | Crypt:3  | XOM: give mutations
 57937 | Crypt:3  | Gained mutation: You are somewhat resistant to further
                  | mutation. [Xom's grace]
 57937 | Crypt:3  | Gained mutation: You are extremely strong-willed. (Will+++)
                  | [Xom's grace]
 57972 | Crypt:3  | XOM: give mutation
 57972 | Crypt:3  | Gained mutation: Your spells are harder to cast, but more
                  | powerful. [Xom's grace]
 57994 | Crypt:3  | XOM: potion effect (might)
 57997 | Crypt:3  | XOM: scenery: summon butterflies
 58042 | Crypt:3  | XOM: destruction
 58093 | Crypt:3  | XOM: god gift: 16 gold pieces
 58146 | Crypt:3  | XOM: divination: detect items
 58381 | Crypt:3  | XOM: divination: magic mapping
 58397 | Crypt:3  | XOM: summons friendly iron imp
 58402 | Crypt:3  | XOM: summons friendly white imp
 58410 | Crypt:3  | XOM: divine lightning
 58427 | Crypt:3  | XOM: swap monsters
 58442 | Crypt:3  | XOM: silly message
 58463 | Crypt:3  | XOM: swap monsters
 58589 | Crypt:3  | XOM: 2-stop teleportation journey
 58651 | Crypt:3  | Found a basalt altar of Yredelemnul.
 58836 | Crypt:3  | XOM: potion effect (invisibility)
 58866 | Crypt:3  | Reached skill level 24 in Armour
 58967 | Crypt:3  | XOM: blink monster(s)
 59086 | Crypt:3  | Got the Guidebook on Unholy Rites
 59168 | Crypt:3  | XOM: enchant monster (bad)
 59275 | Crypt:3  | Identified the ring "Resehymm" {Fly rN++ Int-5 SInv}
 59275 | Crypt:3  | Identified the ring "Caurchagy" {rF+ rN++ SInv}
 59390 | Crypt:3  | Found a staircase to the Tomb.
 59484 | Crypt:1  | XOM: summons 4 hostile shadow creatures
 59828 | Depths:3 | You paid a toll of a +9 demon blade to enter a treasure
                  | trove
 59829 | Trove    | Entered a treasure trove
 59910 | Zot:1    | Entered Level 1 of the Realm of Zot
 60225 | Zot:1    | XOM: summons 10 hostile demons
 60427 | Zot:1    | You fall into a shaft and drop 1 floor!
 60506 | Zot:1    | XOM: give mutations
 60506 | Zot:1    | Lost mutation: You have a pair of antennae on your head.
                  | [Xom's mischief]
 60506 | Zot:1    | Lost mutation: You are completely covered in iridescent
                  | scales. (AC +6) [Xom's mischief]
 60506 | Zot:1    | Lost mutation: Your flesh is heat resistant. (rF+) [Xom's
                  | mischief]
 60519 | Zot:1    | XOM: enchant monster (bad)
 60523 | Zot:1    | Noticed an orb of fire
 60523 | Zot:1    | XOM: 7-stop teleportation journey
 60534 | Zot:1    | Killed an orb of fire
 60641 | Zot:1    | Noticed an orb of fire
 60648 | Zot:1    | XOM: stat loss: -1 Str (17/18)
 60660 | Zot:1    | XOM: god gift: staff of fire
 60670 | Zot:1    | Killed an orb of fire
 60671 | Zot:1    | Reached XP level 27. HP: 109/224 MP: 7/23
 60825 | Zot:1    | XOM: summons 9 hostile demons
 60829 | Zot:1    | XOM: stat loss: -1 Dex (18/19)
 60843 | Zot:1    | XOM: give mutation
 60843 | Zot:1    | Lost mutation: Your system is resistant to poisons. (rPois)
                  | [Xom's mischief]
 60855 | Zot:1    | Reached skill level 25 in Armour
 60940 | Zot:1    | XOM: god gift: staff of earth
 61007 | Zot:1    | XOM: smoke on damage
 61136 | Zot:1    | XOM: noise
 61282 | Zot:1    | XOM: noise
 61516 | Zot:1    | XOM: cloud trail
 61716 | Zot:2    | XOM: 7-stop teleportation journey
 61721 | Zot:2    | XOM: confusion (+ monsters)
 61730 | Zot:2    | XOM: cleaving
 61739 | Zot:2    | XOM: polymorph purple draconian -> two-headed ogre
 61791 | Zot:2    | Noticed an ancient lich
 61974 | Zot:1    | XOM: give mutations
 61974 | Zot:1    | Gained mutation: Your flesh is cold resistant. (rC+) [Xom's
                  | grace]
 61974 | Zot:1    | Gained mutation: Your flesh is very cold resistant. (rC++)
                  | [Xom's grace]
 61974 | Zot:1    | Lost mutation: You are somewhat resistant to further
                  | mutation. [Xom's grace]
 61974 | Zot:1    | Gained mutation: You have hidden genetic potential. [Xom's
                  | grace]
 61974 | Zot:1    | Gained mutation: Your system is resistant to poisons.
                  | (rPois) [Xom's grace]
 62031 | Zot:2    | Killed an ancient lich
 62235 | Zot:2    | XOM: summons 2 friendly demons
 62981 | Zot:3    | XOM: potion effect (experience)
 63046 | Zot:3    | Found a runed translucent gate.
 63047 | Zot:3    | Found a runed translucent gate.
 63048 | Zot:3    | Found a runed translucent gate.
 63049 | Zot:3    | Noticed Ygyeth Femmu's ghost (veteran MiBe)
 63051 | Zot:3    | Identified the +2 cloak of Sunlight {rCorr Stlth+}
 63065 | Zot:3    | XOM: fake destruction
 63208 | Zot:3    | Found Socuutz's Changing Room.
 63222 | Zot:3    | Bought a potion of mutation for 96 gold pieces
 63335 | Zot:3    | XOM: cloud trail
 63471 | Zot:3    | Noticed an ancient lich
 63479 | Zot:3    | XOM: confuse monster(s)
 63484 | Zot:3    | XOM: enchant monster (good)
 63493 | Zot:3    | XOM: god gift: potion of might
 63496 | Zot:3    | Killed an ancient lich
 63496 | Zot:3    | Gained mutation: You are clumsy. (Dex -2) [mutagenic glow]
 63511 | Zot:3    | XOM: noise
 63513 | Zot:3    | XOM: polymorph storm dragon -> shapeshifter
 63530 | Zot:2    | Gained mutation: Your body sometimes deteriorates upon
                  | taking damage. [mutagenic glow]
 63551 | Zot:2    | Gained mutation: You are weak. (Str -2) [mutagenic glow]
 63717 | Zot:3    | XOM: polymorph boulder beetle -> slime creature
 63771 | Zot:3    | XOM: cast spell 'Summon Small Mammal'
 63814 | Zot:3    | XOM: polymorph golden dragon -> death yak
 64131 | Zot:3    | Killed Ygyeth Femmu's ghost
 64203 | Zot:3    | XOM: divination: magic mapping
 64250 | Zot:3    | XOM: give mutation
 64250 | Zot:3    | Lost mutation: You are weak. (Str -2) [Xom's grace]
 64577 | Zot:3    | Found Socuutz's Changing Room.
 64780 | Zot:4    | Noticed an orb of fire
 64792 | Zot:4    | XOM: summons friendly white imp
 64795 | Zot:4    | Killed an orb of fire
 64844 | Zot:4    | XOM: divination: magic mapping
 64895 | Zot:4    | XOM: destruction
 64958 | Zot:4    | XOM: summons 4 friendly demons
 65020 | Zot:4    | Noticed an orb of fire
 65021 | Zot:4    | XOM: smoke on damage
 65039 | Zot:4    | Gained mutation: Your health recovers twice as slowly from
                  | being drained. [an orb of fire]
 65043 | Zot:4    | Killed an orb of fire
 65448 | Zot:4    | Reached skill level 26 in Armour
 65592 | Zot:4    | XOM: give mutation
 65592 | Zot:4    | Lost mutation: Your body sometimes deteriorates upon taking
                  | damage. [Xom's mischief]
 65722 | Zot:4    | XOM: divination: detect creatures
 65768 | Zot:4    | XOM: noise
 65785 | Zot:5    | Entered Level 5 of the Realm of Zot
 65787 | Zot:5    | XOM: summons friendly ufetubus
 66176 | Zot:5    | XOM: noise
 66251 | Zot:5    | XOM: potion effect (might)
 66260 | Zot:5    | Noticed a dread lich
 66270 | Zot:5    | Killed a dread lich
 66271 | Zot:5    | XOM: silly message
 66309 | Zot:5    | Noticed an orb of fire
 66309 | Zot:5    | XOM: cast spell 'Summon Cactus Giant'
 66309 | Zot:5    | Lost mutation: You have hidden genetic potential. [an orb
                  | of fire]
 66316 | Zot:5    | XOM: noise
 66320 | Zot:5    | XOM: potion effect (berserk rage)
 66321 | Zot:5    | XOM: noise
 66329 | Zot:5    | Killed an orb of fire
 66344 | Zot:5    | XOM: chaos upgrade
 66364 | Zot:5    | XOM: swap monsters
 66485 | Zot:5    | XOM: summons 16 friendly demons
 66533 | Zot:5    | Lost mutation: You are mostly covered in iridescent scales.
                  | (AC +4) [potion of mutation]
 66533 | Zot:5    | Lost mutation: Your health recovers twice as slowly from
                  | being drained. [potion of mutation]
 66533 | Zot:5    | Lost mutation: You are extremely strong-willed. (Will+++)
                  | [potion of mutation]
 66533 | Zot:5    | Lost mutation: You occasionally lose the ability to drink
                  | potions when taking damage. [potion of mutation]
 66533 | Zot:5    | Gained mutation: You expend magic power (3 MP) to
                  | strengthen your wands. [potion of mutation]
 66533 | Zot:5    | Gained mutation: You are covered in fur. (AC +1) [potion of
                  | mutation]
 66534 | Zot:5    | Lost mutation: You are highly strong-willed. (Will++)
                  | [potion of mutation]
 66534 | Zot:5    | Lost mutation: Your system is resistant to poisons. (rPois)
                  | [potion of mutation]
 66534 | Zot:5    | Lost mutation: You occasionally lose the ability to read
                  | scrolls when taking damage. [potion of mutation]
 66534 | Zot:5    | Gained mutation: Your system is resistant to poisons.
                  | (rPois) [potion of mutation]
 66586 | Zot:5    | Noticed an orb of fire
 66587 | Zot:5    | Gained mutation: Your magical capacity is low. (-10% MP)
                  | [an orb of fire]
 66588 | Zot:5    | Gained mutation: Armour fits poorly on your strangely
                  | shaped body. [an orb of fire]
 66600 | Zot:5    | XOM: potion effect (haste)
 66602 | Zot:5    | Killed an orb of fire
 66679 | Zot:5    | XOM: noise
 66702 | Zot:5    | Reached skill level 27 in Armour
 66824 | Zot:5    | XOM: cast spell 'Cause Fear'
 66870 | Zot:5    | XOM: divination: detect creatures
 66915 | Zot:5    | XOM: confusion (+ monsters)
 66940 | Zot:5    | Noticed an ancient lich
 66949 | Zot:5    | Killed an ancient lich
 66971 | Zot:5    | Noticed an orb of fire
 66983 | Zot:5    | Killed an orb of fire
 67127 | Zot:5    | XOM: divination: detect creatures
 67176 | Zot:5    | Identified the +3 morningstar "Jeret" {freeze, rF+}
 67265 | Zot:5    | XOM: enchant monster (bad)
 67520 | Zot:5    | XOM: 1-stop teleportation journey
 67572 | Zot:5    | XOM: divination: detect items
 67827 | Zot:5    | Got the Orb of Zot
 68069 | Depths:2 | XOM: butterfly on damage
 68078 | Depths:2 | XOM: cloud trail
 68150 | D:15     | Noticed Suathas the pandemonium lord
 68469 | D:$      | Escaped with the Orb!

Illustrated notes

Levels and vault maps discovered:
D:1:      eino_arrival_cavern_d, layout_rooms, serial_shops, shop_statue,
          nicolae_shop_vocational
D:2:      layout_rooms, basic_altar, nicolae_figureground_sparkle
D:3:      layout_basic, amcnicky_altar_gilded,
          hellmonk_ecumenical_altar_run_dry,
          nicolae_concentric_dashed_squares_mild, uniq_ijyb
D:4:      layout_loops_ring, lemuel_round_altar, mainiacjoe_overflow_alcove_4,
          gammafunk_ghost_split, minmay_manual_mess, uniq_pargi
D:5:      layout_loops_ring, kennysheep_potato, uniq_pikel
D:6:      layout_cave_pods, minmay_temple_entry_drinking_statues,
          hangedman_abyss_or_decor_slice, uniq_prince_ribbit1, uniq_sigmund,
          uniq_blork_the_orc
D:7:      layout_loops_ring, water_boxes_lemuel
D:8:      lemuel_ice_statue, layout_rooms, nicolae_ru_great_annihilating_truth,
          mainiacjoe_overflow_boulevard
D:9:      layout_loops_ring, erik_lair_island, ebering_ghost_xom,
          roderic_serpentine_path, serial_library_hellmonk_small_corner,
          kennysheep_boxes, uniq_erica
D:10:     layout_basic, kennysheep_vampire_church,
          gammafunk_temple_overflow_pools, mainiacjoe_overflow_tiny_flanked,
          orc_0_dummy, uniq_urug, uniq_lodul
D:11:     layout_roguey, grunt_ministairs_6, uniq_nergalle
D:12:     layout_roguey, serial_shops, shop
D:13:     layout_cave_pools, serial_shops, shop
D:14:     layout_cave_pools, grunt_vaults_entry_tiered, fedhas_altar_3,
          serial_shops, nicolae_shop_temple_entry_statues_fountains,
          cheibrodos_ashenzari_chains
D:15:     grunt_enter_depths_snipers, layout_stronghold,
          minmay_tree_intersection, slow_altar_1
Lair:1:   layout_chaotic_city, minmay_lair_oklob_bushes, st_stairs_6
Lair:2:   gammafunk_indiana_jones, layout_regular_city,
          nicolae_volcano_entry_lava_flow, serial_bayou_lagoon_a,
          grunt_forest_stairs_basic, cheibrodos_lair_reptile_den,
          lemuel_fruit_tree, serial_bayou_shore_b
Lair:3:   layout_gridlike, elwin_shoals_entry_stream,
          nicolae_spider_entry_orb_guardian, portal_ice_cave_rime, st_stairs_5
Lair:4:   layout_loops_ring, minmay_slime_entry_oklob_enclosed,
          lemuel_centaur_altar, serial_bayou_shore_b, infiniplex_staircase_pool
Lair:5:   hellmonk_lair_end_abyssal_woods, layout_cave_shapes
Shoals:1: layout_shoals, uniq_donald
Shoals:2: layout_shoals, uniq_ilsuiw, uniq_polyphemus
Shoals:3: layout_shoals, nicolae_splish_splash
Shoals:4: shoals_end_grunt_ice, layout_shoals, nicolae_shoals_seven_spires,
          uniq_bai_suzhen
Spider:1: layout_chambers
Spider:2: layout_spider_delve, hellmonk_spider_spawner
Spider:3: layout_cave_pods
Spider:4: grunt_spider_rune_circles, nicolae_spider_swamp_cousins, uniq_louise
Slime:1:  cheibrodos_slime_lost_civilization_10, layout_caves
Slime:2:  layout_caves
Slime:3:  layout_caves
Slime:4:  layout_caves
Slime:5:  slime_pit_nicolae_royal_road_to_ruin
Orc:1:    emtedronai_trogs_sanctum, layout_diamond_mine, mines1_david
Orc:2:    grunt_orc_cross, layout_caves, regret_index_xom_of_box
Elf:1:    layout_rooms, nicolae_elf_theology_debate, grunt_megastairs_2
Elf:2:    elven_hall_of_blades_hangedman_original
          [nicolae_blade_entry_sentries_behind_glass], layout_loops_ring,
          gammafunk_ghost_split, serial_shops, bzr_entry_road,
          nicolae_twisty_statue_hallways
Elf:3:    minmay_elf_hall_hex, layout_geoelf_octagon
Vaults:1: dpeg_vaults_monster_box, v_misc_5, nicolae_vaults_tangent_ellipses,
          nicolae_vaults_rhombus_6, nicolae_vaults_diamond_2, v_alt_pattern_6,
          hangedman_vaults_trim, v_misc_27, v_misc_22,
          nicolae_vaults_network_square, v_misc_25, layout_vaults_omnibox
Vaults:2: v_rooms_4, minmay_crypt_entry_simple_box, v_alt_pattern_1,
          nicolae_vaults_enemy_cabinets, ontoclasm_vaults_pinch,
          nicolae_vaults_trapezoid_lopsided_3, nicolae_vaults_six-pack,
          nicolae_vaults_what_the_h, nicolae_vaults_trapezoid_lopsided_2,
          ontoclasm_vaults_chip, hangedman_vaults_maws, hangedman_vaults_hat,
          vaults_dpeg_emergency_exit, layout_vaults_maze_bifur, uniq_aizul
Vaults:3: gammafunk_ghost_fury_of_okawaru, nicolae_vaults_variable_pillar_hall,
          serial_library_hellmonk_open_square, v_misc_15, v_rooms_3,
          v_pattern_2, v_misc_16, st_cells, nicolae_vaults_trapezoid_3,
          nicolae_vaults_surprise_closet, v_misc_2, layout_vaults_ring,
          serial_shops, nicolae_shop_behind_doors, uniq_xtahua
Vaults:4: nicolae_vaults_swerve, dpeg_vaults_hating_casters,
          nicolae_vaults_surprise_closet, v_alt_pattern_4,
          vaults_room_large_hall, nicolae_vaults_circle_grid_a,
          nicolae_vaults_little_squares_5, vaults_room_corners,
          nicolae_vaults_alarming, nicolae_vaults_trapezoid_lopsided_1,
          v_rooms_4, layout_vaults_big_cross, uniq_margery, uniq_jory
Vaults:5
Crypt:1:  layout_basic, grunt_crypt_arrival_split, uniq_boris
Crypt:2:  layout_catacombs, uniq_grunn
Crypt:3:  church_of_pain_bobbens, layout_chaotic_city,
          nicolae_tomb_entry_rubble_hallway
Depths:1: layout_cave_shapes, rand_demon_pan_entry_5, hell_entry,
          minmay_misc_feat_tiny, minmay_hidden_floor
Depths:2: minmay_connected_triangles_in_corner, layout_gridville,
          enter_ziggurat_f, grunt_dithmenos_smoke, grunt_pan_entry_spiral,
          pf_vacation_house_of_asmodeus, muffindrake_ghost_three_little_ghosts
Depths:3: hangedman_arch_fort, layout_honeycomb, abyss_entry_flame_altar,
          enter_trove_2, hangedman_abyss_or_decor_passed, lightli_too_deep
Depths:4: lemuel_castle_with_subvaults [lemuel_castle_interior_original],
          layout_basic, serial_shops, shop, hell_entry, grunt_megastairs_5,
          serial_bayou_shore_b, minmay_shop_star
Zot:1:    lemuel_halls_of_wrath, layout_gridville
Zot:2:    hangedman_zot_vaults_quadrants, layout_concentric_octagons,
          bh_zot_ikea_curve
Zot:3:    hellmonk_crystal_mountain, layout_misc_corridors,
          gammafunk_ghost_tricky_traps, st_single_dragon_hoard_4,
          nicolae_transmutations_shop
Zot:4:    layout_basic, regret_index_zotdec_split_disrupt
Zot:5:    layout_gridlike

Skill      XL: |  1  2  3  4  5  6  7  8  9 10 11 12 13 14 15 16 17 18 19 20 21 22 23 24 25 26 27 |
---------------+----------------------------------------------------------------------------------+-----
Short Blades   | 3 4 5 6 7 10 11 14 | 14.0
Stealth        | 3 4 6 9 10 12 | 12.3
Fighting       | 4 7 8 10 12 18 20 | 20.0
Evocations     | 6 7 8 |  8.0
Dodging        | 7 10 12 14 18 20 21 | 21.6
Armour         | 7 9 12 13 16 19 20 22 24 27 | 27.0
Long Blades    | 5 12 13 | 13.0
Throwing       | 3 5 |  5.0
Axes           | 10 16 18 22 | 22.0

Action                     |  1- 3 |  4- 6 |  7- 9 | 10-12 | 13-15 | 16-18 | 19-21 | 22-24 | 25-27 || total
---------------------------+-------+-------+-------+-------+-------+-------+-------+-------+-------++-------
  Melee: Short sword       |   126 |   202 |   241 |   358 |       |       |       |       |       ||   927
         Dagger            |    65 |       |       |       |       |       |       |       |       ||    65
         Rapier            |       |       |   236 |   564 |  1082 |       |       |       |       ||  1882
         Bite              |       |       |     3 |    66 |    67 |       |       |       |       ||   136
         Double sword      |       |       |       |       |   617 |  1135 |   962 |   501 |       ||  3215
         Demon blade       |       |       |       |       |       |   706 |   923 |   719 |   406 ||  2754
         Quick blade       |       |       |       |       |       |       |       |   109 |       ||   109
         Broad axe         |       |       |       |       |       |       |       |   775 |  3726 ||  4501
  Throw: Boomerang         |       |     6 |    14 |    19 |    46 |    96 |    50 |       |    20 ||   251
         Dart              |       |       |     8 |    32 |       |     1 |       |       |       ||    41
         Javelin           |       |       |       |       |       |     2 |       |       |       ||     2
Ability: Invent Gizmo      |       |       |       |       |     1 |       |       |       |       ||     1
  Evoke: Wand              |       |       |     7 |    30 |    19 |    21 |    11 |     1 |     6 ||    95
         Condenser vane    |       |       |       |       |     1 |     4 |       |       |       ||     5
         Phial of floods   |       |       |       |       |       |     1 |     1 |       |     1 ||     3
         Box of beasts     |       |       |       |       |       |       |       |       |     2 ||     2
    Use: Scroll            |     1 |     3 |     6 |    13 |     9 |     8 |    21 |     2 |    13 ||    76
         Potion            |       |       |     1 |     2 |    11 |    11 |    16 |     2 |    33 ||    76
   Stab: Paralysed         |     1 |       |     2 |     8 |     4 |     7 |     3 |     5 |     4 ||    34
         Sleeping          |       |     5 |    13 |    18 |    36 |    23 |     5 |       |     1 ||   101
         Confused          |       |     1 |     7 |       |       |     3 |     7 |    24 |    37 ||    79
         Distracted        |       |       |     3 |     5 |     2 |     3 |     2 |    10 |     3 ||    28
         Invisible         |       |       |       |     1 |     7 |    35 |     1 |       |    12 ||    56
         Fleeing           |       |       |       |       |     1 |       |       |       |       ||     1
         Petrifying        |       |       |       |       |       |       |     3 |     8 |     3 ||    14
         Betrayed ally     |       |       |       |       |       |       |     2 |       |     1 ||     3
         Held in net/web   |       |       |       |       |       |       |       |     5 |       ||     5
         Petrified         |       |       |       |       |       |       |       |     2 |       ||     2
 Armour: Leather armour    |    62 |    45 |    14 |       |       |       |       |       |       ||   121
         Skin              |       |       |    26 |       |       |       |       |       |       ||    26
         Troll leather arm |       |       |   123 |    66 |       |       |       |       |       ||   189
         Scale mail        |       |       |       |   257 |   472 |       |       |       |       ||   729
         Chain mail        |       |       |       |       |   107 |  1132 |   280 |       |       ||  1519
         Plate armour      |       |       |       |       |       |    17 |       |       |       ||    17
         Crystal plate arm |       |       |       |       |       |       |  1096 |  1273 |  2048 ||  4417
  Dodge: Dodged            |    55 |    44 |   107 |   199 |   395 |   563 |   431 |   408 |   868 ||  3070
         Repelled          |       |       |       |     3 |    49 |    12 |       |       |       ||    64

Table legend: (Time is in decaauts)
 A = Elapsed time spent in this place.
 B = Non-inter-level travel time spent in this place.
 C = Inter-level travel time spent in this place.
 D = Time resting spent in this place.
 E = Time spent auto-exploring this place.
 F = Levels seen in this place.
 G = Mean time per level.
                   A        B        C        D        E       F      G
               +--------+--------+--------+--------+--------+-----+--------+
         Total |  66068 |  60352 |   5716 |   5617 |  34463 |  61 | 1083.1 |
       Dungeon |  16243 |  13905 |   2338 |    946 |   9008 |  15 | 1082.9 |
          Lair |   5953 |   5255 |    698 |    491 |   3036 |   5 | 1190.6 |
        Shoals |   4490 |   4286 |    204 |    517 |   2175 |   4 | 1122.5 |
   Spider Nest |   4681 |   4431 |    250 |    544 |   2471 |   4 | 1170.2 |
    Slime Pits |    455 |    455 |      0 |      0 |      0 |   5 |   91.0 |
  Orcish Mines |   2095 |   1821 |    274 |     47 |    967 |   2 | 1047.5 |
   Elven Halls |   4706 |   4368 |    338 |    498 |   1888 |   3 | 1568.7 |
        Vaults |   9081 |   8521 |    560 |    538 |   5265 |   5 | 1816.2 |
         Crypt |   3486 |   3315 |    171 |    172 |   2128 |   3 | 1162.0 |
        Depths |   5479 |   5107 |    372 |    318 |   3379 |   4 | 1369.8 |
           Zot |   7580 |   7074 |    506 |   1039 |   4044 |   5 | 1516.0 |
         Abyss |    409 |    409 |      0 |      0 |      0 |   2 |  204.5 |
        Bazaar |    130 |    130 |      0 |      0 |      0 |   1 |  130.0 |
         Trove |     40 |     40 |      0 |      0 |      3 |   1 |   40.0 |
      Ice Cave |    708 |    708 |      0 |    201 |     97 |   1 |  708.0 |
       Volcano |    525 |    525 |      0 |    302 |      0 |   1 |  525.0 |
               +--------+--------+--------+--------+--------+-----+--------+

Top non-repeatable levels by time:
Vaults:5: 2559 daAuts
   Elf:3: 2368 daAuts
Vaults:3: 1934 daAuts
   Zot:5: 1929 daAuts
    D:10: 1903 daAuts
Vaults:4: 1842 daAuts
   Zot:1: 1743 daAuts
Vaults:1: 1718 daAuts
Depths:4: 1718 daAuts
   Zot:3: 1663 daAuts
     D:9: 1579 daAuts
  Lair:2: 1463 daAuts
Depths:3: 1446 daAuts
 Crypt:3: 1383 daAuts
   Zot:2: 1377 daAuts
